Workbook
Name \: #REF!
Name \0: #REF!
Name \3: #REF!
Name \A: #REF!
Name \b: #REF!
Name \C: #REF!
Name \D: #REF!
Name \F: #REF!
Name \m: #REF!
Name \p: #N/A
Name \q: #REF!
Name \s: #REF!
Name _____________DAT17: #REF!
Name _____________DAT18: #REF!
Name ____________DAT17: #REF!
Name ____________DAT18: #REF!
Name ___________DAT12: '[1]UA.4.4Rebate on Bill discounted'!#REF!
Name ___________DAT17: #REF!
Name ___________DAT18: #REF!
Name __________DAT1: '[1]UA.4.4Rebate on Bill discounted'!#REF!
Name __________DAT12: '[1]UA.4.4Rebate on Bill discounted'!#REF!
Name __________DAT13: #REF!
Name __________DAT14: #REF!
Name __________DAT15: #REF!
Name __________DAT16: #REF!
Name __________DAT17: #REF!
Name __________DAT18: #REF!
Name _________DAT1: '[1]UA.4.4Rebate on Bill discounted'!#REF!
Name _________DAT10: #REF!
Name _________DAT12: '[1]UA.4.4Rebate on Bill discounted'!#REF!
Name _________DAT13: #REF!
Name _________DAT14: #REF!
Name _________DAT15: #REF!
Name _________DAT16: #REF!
Name _________DAT17: #REF!
Name _________DAT18: #REF!
Name ________DAT1: '[1]UA.4.4Rebate on Bill discounted'!#REF!
Name ________DAT10: '[2]VD Legal & Professional Details'!#REF!
Name ________DAT13: #REF!
Name ________DAT14: #REF!
Name ________DAT15: #REF!
Name ________DAT16: #REF!
Name ________DAT17: #REF!
Name ________DAT18: #REF!
Name ________DAT3: #REF!
Name ________DAT4: #REF!
Name ________DAT7: #REF!
Name ________DAT8: #REF!
Name _______DAT10: '[2]VD Legal & Professional Details'!#REF!
Name _______DAT11: #REF!
Name _______DAT12: #REF!
Name _______DAT13: #REF!
Name _______DAT14: [3]data!#REF!
Name _______DAT15: '[2]VD Legal & Professional Details'!#REF!
Name _______DAT16: '[2]VD Legal & Professional Details'!#REF!
Name _______DAT17: #REF!
Name _______DAT18: #REF!
Name _______DAT19: #REF!
Name _______DAT20: #REF!
Name _______DAT3: '[2]VD Legal & Professional Details'!#REF!

Sheet BSheet
A1: THE STATE TRADING CORPORATION OF INDIA LTD
A2: Balance Sheet as at Sep 30, 2019
A3: Name of the Branch/Division (Co):
A4: (Amount Rs.)
A5: Particulars | B5: Note No | C5: As at Sep 30, 2019 | D5: As at Sep 30, 2018
A6: ASSETS
A7: Non-current assets
A8: (a) Property, Plant and Equipment | B8: 4 | C8: =PPE!O23 -> 0 | D8: =PPE!O46 -> 0
A9: (b) Capital work-in-progress | B9: 5 | C9: =CWIP!F12 -> 0 | D9: =CWIP!G12 -> 0
A10: (c) Investment property | B10: 6 | C10: =IP!G20 -> 0 | D10: =IP!G37 -> 0
A11: (d) Other intangible assets | B11: 7 | C11: =ITA!E15 -> 0 | D11: =ITA!E27 -> 0
A12: (e) Financial Assets :
A13: (i) Investments | B13: 8 | C13: ='BS Notes'!D43 -> 0 | D13: ='BS Notes'!E43 -> 0
A14: (ii) Trade receivables | B14: 9 | C14: ='BS Notes'!D78 -> 0 | D14: ='BS Notes'!E78 -> 0
A15: (iii) Loans | B15: 10 | C15: ='BS Notes'!D158 -> 0 | D15: ='BS Notes'!E158 -> 0
A16: (iv) Other Financial Assets | B16: 11 | C16: ='BS Notes'!D211 -> 0 | D16: ='BS Notes'!E211 -> 0
A17: (f) Deferred tax assets (Net) | B17: 12 | C17: =IF('BS Notes'!D244>0,'BS Notes'!D244,0) -> 0 | D17: =IF('BS Notes'!E244>0,'BS Notes'!E244,0) -> 0
A18: (g) Tax Assets (Net) | B18: 13 | C18: =IF('BS Notes'!D282>0,'BS Notes'!D282,0) -> 0 | D18: =IF('BS Notes'!E282>0,'BS Notes'!E282,0) -> 0
A19: (h) Other non-current assets | B19: 14 | C19: ='BS Notes'!D336 -> 0 | D19: ='BS Notes'!E336 -> 0
A20: Sub Total | C20: =SUM(C8:C19) -> 0 | D20: =SUM(D8:D19) -> 0
A21: Current Assets
A22: (a) Inventories | B22: 15 | C22: ='BS Notes'!D401 -> 0 | D22: ='BS Notes'!E401 -> 0
A23: (b) Financial Assets :
A24: (i) Investments | B24: 8 | C24: ='BS Notes'!D48 -> 0 | D24: ='BS Notes'!E48 -> 0
A25: (ii) Trade receivables | B25: 9 | C25: ='BS Notes'!D96 -> 0 | D25: ='BS Notes'!E96 -> 0
A26: (iii) Cash & cash equivalents | B26: 16 | C26: ='BS Notes'!D417 -> 0 | D26: ='BS Notes'!E417 -> 0
A27: (iv) Bank Balances other than (iii) above | B27: 17 | C27: ='BS Notes'!D426 -> 0 | D27: ='BS Notes'!E426 -> 0
A28: (v) Loans | B28: 10 | C28: ='BS Notes'!D188 -> 0 | D28: ='BS Notes'!E188 -> 0
A29: (vi) Other Financial Assets | B29: 11 | C29: ='BS Notes'!D227 -> 0 | D29: ='BS Notes'!E227 -> 0
A30: (c) Tax Assets (Net) | B30: 13 | C30: =IF('BS Notes'!D289>0,'BS Notes'!D289,0) -> 0 | D30: =IF('BS Notes'!E289>0,'BS Notes'!E289,0) -> 0
A31: (d) Other Current Assets | B31: 14 | C31: ='BS Notes'!D391 -> 0 | D31: ='BS Notes'!E391 -> 0
A32: (e) Other Non Current Assets held for Disposal
A33: Sub Total | C33: =SUM(C22:C32) -> 0 | D33: =SUM(D22:D32) -> 0
A34: Total Assets | C34: =C20+C33 -> 0 | D34: =D20+D33 -> 0
A35: EQUITY AND LIABILITIES
A36: Equity
A37: (a) Equity Share Capital | B37: 18 | C37: ='BS Notes'!$D$435 -> 0 | D37: ='BS Notes'!$E$435 -> 0
A38: (b) Other Equity | B38: 19 | C38: ='BS Notes'!D485 -> 0 | D38: ='BS Notes'!E485 -> 0
A39: Sub Total | C39: =SUM(C37:C38) -> 0 | D39: =SUM(D37:D38) -> 0
A40: Liabilities
A41: Non-current liabilities
A42: (a) Financial Liabilities
A43: (i) Borrowings | B43: 20 | C43: ='BS Notes'!D505 -> 0 | D43: ='BS Notes'!E505 -> 0
A44: (ii) Trade payables -MSME
A45: (iii) Trade payables - Others | B45: 21 | C45: ='BS Notes'!D543 -> 0 | D45: ='BS Notes'!E543 -> 0
A46: (iv) Other Financial Liabilities | B46: 22 | C46: ='BS Notes'!D568 -> 0 | D46: ='BS Notes'!E568 -> 0
A47: (b) Provisions | B47: 23 | C47: ='BS Notes'!D606 -> 0 | D47: ='BS Notes'!E606 -> 0
A48: (c) Deferred tax liabilities (Net) | B48: 12
A49: (d) Tax Liabilities (Net) | B49: 13
A50: (e) Other non-current liabilities | B50: 24 | C50: ='BS Notes'!D640 -> 0 | D50: ='BS Notes'!E640 -> 0
A51: Sub Total | C51: =SUM(C43:C50) -> 0 | D51: =SUM(D43:D50) -> 0
A52: Current liabilities
A53: (a) Financial Liabilities
A54: (i) Borrowings | B54: 20 | C54: ='BS Notes'!D525 -> 0 | D54: ='BS Notes'!E525 -> 0
A55: (ii) Trade payables -MSME
A56: (iii) Trade payables - Others | B56: 21 | C56: ='BS Notes'!D548 -> 0 | D56: ='BS Notes'!E548 -> 0
A57: (iv) Other Financial Liabilities | B57: 22 | C57: ='BS Notes'!D596 -> 0 | D57: ='BS Notes'!E596 -> 0
A58: (b) Provisions | B58: 23 | C58: ='BS Notes'!D621 -> 0 | D58: ='BS Notes'!E621 -> 0
A59: (c) Tax Liabilities (Net) | B59: 13
A60: (d) Other current liabilities | B60: 24 | C60: ='BS Notes'!D663 -> 0 | D60: ='BS Notes'!E663 -> 0
A61: Sub Total | C61: =SUM(C54:C60) -> 0 | D61: =SUM(D54:D60) -> 0
A62: Total Equity and Liabilities | C62: =C39+C51+C61 -> 0 | D62: =D39+D51+D61 -> 0
A63: General information & Significant Accounting policies | B63: 1 -3
A64: Significant Accounting Policies and the accompanying notes form an integral part of accounts.
A67: Head of Finance(Branch/CO) | B67: Branch Manager | D67: Branch Auditor/ Statutory Auditor
A68: Place:
A69: Date:
C72: =C34-C62 -> 0 | D72: =D34-D62 -> 0

Sheet P&L
A1: =BSheet!A1 -> THE STATE TRADING CORPORATION OF INDIA LTD
A2: Statement of Profit and Loss for the Period ended Sep 30, 2019
A3: =BSheet!A3 -> Name of the Branch/Division (Co):
E4: (Amount Rs.)
A5: Particulars | C5: Note No. | D5: Period Ended Sep 30, 2019 | E5: Period Ended Sep 30, 2018
A6: Income
A7: i) | B7: Revenue from Operations | C7: 25 | D7: ='PL Notes'!C39 -> 0 | E7: ='PL Notes'!D39 -> 0
A8: ii) | B8: Other Income | C8: 26 | D8: ='PL Notes'!C85 -> 0 | E8: ='PL Notes'!D85 -> 0
B9: Total Income (I) | D9: =SUM(D7:D8) -> 0 | E9: =SUM(E7:E8) -> 0
A10: Expenses
A11: i) | B11: Cost of materials consumed | C11: 27 | D11: ='PL Notes'!C93 -> 0 | E11: ='PL Notes'!D93 -> 0
A12: ii) | B12: Purchases of Stock in trade | C12: 28 | D12: ='PL Notes'!C127 -> 0 | E12: ='PL Notes'!D127 -> 0
A13: iii) | B13: Change in Inventory | C13: 29 | D13: ='PL Notes'!C141 -> 0 | E13: ='PL Notes'!D141 -> 0
A14: iv) | B14: Employees' Benefit Expenses | C14: 30 | D14: ='PL Notes'!C189 -> 0 | E14: ='PL Notes'!D189 -> 0
A15: v) | B15: Finance Cost | C15: 31 | D15: ='PL Notes'!C214 -> 0 | E15: ='PL Notes'!D214 -> 0
A16: vi) | B16: Depreciation & Amortization Expenses | C16: 32 | D16: ='PL Notes'!C241 -> 0 | E16: ='PL Notes'!D241 -> 0
A17: vii) | B17: Other Expenses | C17: 33 | D17: ='PL Notes'!C298 -> 0 | E17: ='PL Notes'!D298 -> 0
B18: Total expenses (II) | D18: =SUM(D11:D17) -> 0 | E18: =SUM(E11:E17) -> 0
A19: Profit before exceptional items and tax (I - II) | D19: =D9-D18 -> 0 | E19: =E9-E18 -> 0
B20: Exceptional Items-Expense/(Income) | C20: 34 | D20: ='PL Notes'!C346 -> 0 | E20: ='PL Notes'!D346 -> 0
A21: Profit Before Tax | D21: =D19-D20 -> 0 | E21: =E19-E20 -> 0
B22: Tax expense | C22: 35
B23: (i) Current tax | D23: ='PL Notes'!C352 -> 0 | E23: ='PL Notes'!D352 -> 0
B24: (ii) Tax related to earlier Periods | D24: ='PL Notes'!C353 -> 0 | E24: ='PL Notes'!D353 -> 0
B25: (iii) Deferred tax | D25: ='PL Notes'!C359 -> 0 | E25: ='PL Notes'!D359 -> 0
A26: Profit for the Period from continuing operations | D26: =D21-SUM(D23:D25) -> 0 | E26: =E21-SUM(E23:E25) -> 0
B27: Profit/(loss) from discontinued operations | D27: 0 | E27: 0
B28: Tax expense of discontinued operations | D28: 0 | E28: 0
A29: Profit from discontinued operations after tax | D29: =SUM(D27:D28) -> 0 | E29: =SUM(E27:E28) -> 0
A30: I | B30: Profit for the Period (A) | D30: =D26+D29 -> 0 | E30: =E26+E29 -> 0
A32: II | B32: Other Comprehensive Income
A34: i) | B34: Items that will not be reclassified to profit or loss
B35: - Remeasurements of the defined benefit plans
B36: - Income Tax on Above | D36: ='PL Notes'!C365 -> 0 | E36: ='PL Notes'!D365 -> 0
A38: ii) | B38: Items that will be reclassified to profit or loss
B40: Other Comprehensive Income net of tax (B) | D40: =D35-D36+D38 -> 0 | E40: =E35-E36+E38 -> 0
B42: Total Comprehensive Income for the Period (A+B) | D42: =D40+D30 -> 0 | E42: =E40+E30 -> 0
B43: Earnings per equity share :
B44: (1) Basic
B45: (2) Diluted
A46: General information & Significant Accounting policies | C46: 1 -3
A47: =BSheet!A64 -> Significant Accounting Policies and the accompanying notes form an integral part of accounts.
A51: Head of Finance(Branch/CO) Branch Manager | E51: =BSheet!D67 -> Branch Auditor/ Statutory Auditor
A52: Place:
A53: Date:

Sheet CFS
A1: =BSheet!A1 -> THE STATE TRADING CORPORATION OF INDIA LTD
A2: Cash Flow Statement For The Year Ended March 31, 2018
C4: (Rupees in Cr.)
A5: Particulars | B5: For the year ended June 30, 2017 | C5: For the year ended June 30, 2016 | D5: For the year ended March 31, 2017
A6: A. CASH FLOW FROM OPERATING ACTIVITIES
A7: Net Profit/Loss after tax | B7: ='P&L'!D30 -> 0 | C7: ='P&L'!#REF! -> #REF! | D7: ='P&L'!E30 -> 0
A8: Adjustment for:-
A9: Profit on Sale of Assets | B9: XXX | C9: XXX | D9: XXX
A10: Depreciation | B10: XXX | C10: XXX | D10: XXX
A11: Deferred Tax Liability | B11: XXX | C11: XXX | D11: XXX
A12: Interest & Finance Charges | B12: XXX | C12: XXX | D12: XXX
A13: Increase in fair value of investement | B13: XXX | C13: XXX | D13: XXX
A14: Unrealized foreign exchange loss/(gain) | B14: XXX | C14: XXX | D14: XXX
A15: Gain on sale of current investments | B15: XXX | C15: XXX | D15: XXX
A16: Unrealized foreign exchange loss/(gain) | B16: XXX | C16: XXX | D16: XXX
A17: Premium on forward exchange contract amortized | B17: XXX | C17: XXX | D17: XXX
A18: Interest expense | B18: XXX | C18: XXX | D18: XXX
A19: Interest income | B19: XXX | C19: XXX | D19: XXX
A20: Operating Profit before Working Capital Changes | B20: =SUM(B7:B19) -> 0 | C20: =SUM(C7:C19) -> #REF! | D20: =SUM(D7:D19) -> 0
A21: Adjustment for:-
A22: Increase/(decrease) in trade payables | B22: XXX | C22: XXX | D22: XXX
A23: Increase/(decrease) in long term provisions | B23: XXX | C23: XXX | D23: XXX
A24: Increase/(decrease) in short term provisions | B24: XXX | C24: XXX | D24: XXX
A25: Increase/(decrease) in other non current financial Liabiliites | B25: XXX | C25: XXX | D25: XXX
A26: Increase/(decrease) in other current financial Liabiliites | B26: XXX | C26: XXX | D26: XXX
A27: Increase/(decrease) in other non current Liabiliites | B27: XXX | C27: XXX | D27: XXX
A28: Increase/(decrease) in other current liabilities | B28: XXX | C28: XXX | D28: XXX
A29: Decrease/(increase) in trade receivables | B29: XXX | C29: XXX | D29: XXX
A30: Decrease/(increase) in inventories | B30: XXX | C30: XXX | D30: XXX
A31: Decrease/(increase) in long term loans | B31: XXX | C31: XXX | D31: XXX
A32: Decrease/(increase) in short term loans | B32: XXX | C32: XXX | D32: XXX
A33: Decrease/(increase) in other non current financial assets | B33: XXX | C33: XXX | D33: XXX
... A36: Decrease/(increase) in other current assets | B36: XXX | C36: XXX | D36: XXX
A37: Cash generated from/(used in) operations | B37: =SUM(B20:B36) -> 0 | C37: =SUM(C20:C36) -> #REF! | D37: =SUM(D20:D36) -> 0
A38: Less:- Taxes Paid | B38: XXX | C38: XXX | D38: XXX
A39: Net Cash From Operating Activities | B39: =SUM(B37:B38) -> 0 | C39: =SUM(C37:C38) -> #REF! | D39: =SUM(D37:D38) -> 0
A41: B. CASH FLOW FROM INVESTING ACTIVITIES
A42: Fixed Assets | B42: XXX | C42: XXX | D42: XXX
A43: Capital Work In Progress | B43: XXX | C43: XXX | D43: XXX
A44: Proceeds from sale of fixed assets | B44: XXX | C44: XXX | D44: XXX
A45: Investments in bank deposits (having original maturity of more than three months) | B45: XXX | C45: XXX | D45: XXX
A46: Redemption/ maturity of bank deposits (having original maturity of more than three months) | B46: XXX | C46: XXX | D46: XXX
A47: Interest received | B47: XXX | C47: XXX | D47: XXX
A48: Interst Paid | B48: XXX | C48: XXX | D48: XXX
A49: Net Cash From Investing Activities | B49: =SUM(B42:B48) -> 0 | C49: =SUM(C42:C48) -> 0 | D49: =SUM(D42:D48) -> 0
A50: C. CASH FLOW FROM FINANCING ACTIVITIES
A51: Proceeds from short term borrowings | B51: XXX | C51: XXX | D51: XXX
A52: Repayment of short term borrowings | B52: XXX | C52: XXX | D52: XXX
A53: Repayment of long term borrowings | B53: XXX | C53: XXX | D53: XXX
A54: Interest & Finance Charges | B54: XXX | C54: XXX | D54: XXX
A55: Net Cash From Financing Activities | B55: =SUM(B51:B54) -> 0 | C55: =SUM(C51:C54) -> 0 | D55: =SUM(D51:D54) -> 0
A57: D. Net changes in Cash & Cash equivalents | B57: =B55+B49+B37 -> 0 | C57: =C55+C49+C37 -> #REF! | D57: =D55+D49+D37 -> 0
A59: E. Opening Cash & Cash Equivalents (Note No 16) | B59: XXX | C59: XXX | D59: XXX
A61: F. Closing Cash & Cash Equivalents (Note No 16) | B61: =SUM(B57:B59) -> 0 | C61: =SUM(C57:C59) -> #REF! | D61: =SUM(D57:D59) -> 0

Sheet PPE
A1: =BSheet!A1 -> THE STATE TRADING CORPORATION OF INDIA LTD
A2: Notes to accounts for the Period ended Sep 30, 2019
A3: =BSheet!A3 -> Name of the Branch/Division (Co):
A4: 4 | B4: Property, Plant and Equipment
B5: For the Period ended Sep 30, 2019 | O5: =BSheet!A4 -> (Amount Rs.)
B6: Particulars | C6: GROSS BLOCK | G6: DEPRECIATION & AMORTIZATION | K6: ACCUMMULATED IMPAIRMENT | O6: NET BLOCK
C7: Gross carrying value as at April 01,2019 | D7: Additions | E7: Disposal/ adjustments | F7: Gross carrying value as at Sep 30, 2019 | G7: Accumulated depreciation as at April 01,2019 | H7: Additions | I7: Disposal/ adjustments | J7: Accumulated depreciation as at Sep 30, 2019 | K7: As on April 01,2019 | L7: Additions | M7: Disposal/ adjustments | N7: As at Sep 30, 2019 | O7: Carrying Value as at Sep 30, 2019
B8: Tangible Assets -Freehold
B9: Land | C9: =F32 -> 0 | F9: =SUM(C9:E9) -> 0 | G9: =J32 -> 0 | J9: =SUM(G9:I9) -> 0 | O9: =F9-J9-N9 -> 0
B10: Building | C10: =F33 -> 0 | F10: =SUM(C10:E10) -> 0 | G10: =J33 -> 0 | J10: =SUM(G10:I10) -> 0 | O10: =F10-J10-N10 -> 0
B11: Plant & Machinery | C11: =F34 -> 0 | F11: =SUM(C11:E11) -> 0 | G11: =J34 -> 0 | J11: =SUM(G11:I11) -> 0 | O11: =F11-J11-N11 -> 0
B12: Furniture & Fixtures | C12: =F35 -> 0 | F12: =SUM(C12:E12) -> 0 | G12: =J35 -> 0 | J12: =SUM(G12:I12) -> 0 | O12: =F12-J12-N12 -> 0
B13: Motor Vehicle | C13: =F36 -> 0 | F13: =SUM(C13:E13) -> 0 | G13: =J36 -> 0 | J13: =SUM(G13:I13) -> 0 | O13: =F13-J13-N13 -> 0
B14: Office Equipment | C14: =F37 -> 0 | F14: =SUM(C14:E14) -> 0 | G14: =J37 -> 0 | J14: =SUM(G14:I14) -> 0 | O14: =F14-J14-N14 -> 0
B15: Computers, data processing units & communication equipment | C15: =F38 -> 0 | F15: =SUM(C15:E15) -> 0 | G15: =J38 -> 0 | J15: =SUM(G15:I15) -> 0 | O15: =F15-J15-N15 -> 0
B16: Electrical Installations & Equipment | C16: =F39 -> 0 | F16: =SUM(C16:E16) -> 0 | G16: =J39 -> 0 | J16: =SUM(G16:I16) -> 0 | O16: =F16-J16-N16 -> 0
B17: Tangible Assets -Leasehold | O17: =F17-J17-N17 -> 0
B18: Land | C18: =F41 -> 0 | F18: =SUM(C18:E18) -> 0 | G18: =J41 -> 0 | J18: =SUM(G18:I18) -> 0 | O18: =F18-J18-N18 -> 0
B19: Building | C19: =F42 -> 0 | F19: =SUM(C19:E19) -> 0 | G19: =J42 -> 0 | J19: =SUM(G19:I19) -> 0 | O19: =F19-J19-N19 -> 0
B20: Roads, culverts & sewerage etc | C20: =F43 -> 0 | F20: =SUM(C20:E20) -> 0 | G20: =J43 -> 0 | J20: =SUM(G20:I20) -> 0 | O20: =F20-J20-N20 -> 0
B21: Plant & Machinery | C21: =F44 -> 0 | F21: =SUM(C21:E21) -> 0 | G21: =J44 -> 0 | J21: =SUM(G21:I21) -> 0 | O21: =F21-J21-N21 -> 0
B22: Others (specify nature) | C22: =F45 -> 0 | F22: =SUM(C22:E22) -> 0 | G22: =J45 -> 0 | J22: =SUM(G22:I22) -> 0 | O22: =F22-J22-N22 -> 0
B23: Total | C23: =SUM(C9:C22) -> 0 | D23: =SUM(D9:D22) -> 0 | E23: =SUM(E9:E22) -> 0 | F23: =SUM(F9:F22) -> 0 | G23: =SUM(G9:G22) -> 0 | H23: =SUM(H9:H22) -> 0 | I23: =SUM(I9:I22) -> 0 | J23: =SUM(J9:J22) -> 0 | ... O23: =SUM(O9:O22) -> 0
A26: Head of Finance(Branch/CO) | I26: Branch Manager | M26: =BSheet!D67 -> Branch Auditor/ Statutory Auditor
B28: For the Period ended Sep 30, 2018
B29: Particulars | C29: GROSS BLOCK | G29: DEPRECIATION & AMORTIZATION | K29: ACCUMMULATED IMPAIRMENT | O29: NET BLOCK
C30: Gross carrying value as at April 01,2018 | D30: Additions | E30: Disposal/ adjustments | F30: Gross carrying value as at Sep 30, 2018 | G30: Accumulated depreciation as at April 01,2018 | H30: Additions | I30: Disposal/ adjustments | J30: Accumulated depreciation as at Sep 30, 2018 | K30: As on April 01,2018 | L30: Additions | M30: Disposal/ adjustments | N30: As at Sep 30, 2018 | O30: Carrying Value as at Sep 30, 2018
B31: Tangible Assets -Freehold
B32: Land | F32: =SUM(C32:E32) -> 0 | J32: =SUM(G32:I32) -> 0 | O32: =F32-J32-N32 -> 0
B33: Building | F33: =SUM(C33:E33) -> 0 | J33: =SUM(G33:I33) -> 0 | O33: =F33-J33-N33 -> 0
B34: Plant & Machinery | F34: =SUM(C34:E34) -> 0 | J34: =SUM(G34:I34) -> 0 | O34: =F34-J34-N34 -> 0
B35: Furniture & Fixtures | F35: =SUM(C35:E35) -> 0 | J35: =SUM(G35:I35) -> 0 | O35: =F35-J35-N35 -> 0
B36: Motor Vehicle | F36: =SUM(C36:E36) -> 0 | J36: =SUM(G36:I36) -> 0 | O36: =F36-J36-N36 -> 0
B37: Office Equipment | F37: =SUM(C37:E37) -> 0 | J37: =SUM(G37:I37) -> 0 | O37: =F37-J37-N37 -> 0
B38: Computers, data processing units & communication equipment | F38: =SUM(C38:E38) -> 0 | J38: =SUM(G38:I38) -> 0 | O38: =F38-J38-N38 -> 0
B39: Electrical Installations & Equipment | F39: =SUM(C39:E39) -> 0 | J39: =SUM(G39:I39) -> 0 | O39: =F39-J39-N39 -> 0
B40: Tangible Assets -Leasehold | O40: =F40-J40-N40 -> 0
B41: Leasehold Land | F41: =SUM(C41:E41) -> 0 | J41: =SUM(G41:I41) -> 0 | O41: =F41-J41-N41 -> 0
B42: Leasehold Building | F42: =SUM(C42:E42) -> 0 | J42: =SUM(G42:I42) -> 0 | O42: =F42-J42-N42 -> 0
B43: Roads, culverts & sewerage etc (Leasehold) | F43: =SUM(C43:E43) -> 0 | J43: =SUM(G43:I43) -> 0 | O43: =F43-J43-N43 -> 0
B44: Plant & Machinery (Leasehold) | F44: =SUM(C44:E44) -> 0 | J44: =SUM(G44:I44) -> 0 | O44: =F44-J44-N44 -> 0
B45: Others (specify nature) | F45: =SUM(C45:E45) -> 0 | J45: =SUM(G45:I45) -> 0 | O45: =F45-J45-N45 -> 0
B46: Total | C46: =SUM(C32:C45) -> 0 | D46: =SUM(D32:D45) -> 0 | E46: =SUM(E32:E45) -> 0 | F46: =SUM(F32:F45) -> 0 | G46: =SUM(G32:G45) -> 0 | H46: =SUM(H32:H45) -> 0 | I46: =SUM(I32:I45) -> 0 | J46: =SUM(J32:J45) -> 0 | ... O46: =SUM(O32:O45) -> 0
A50: Head of Finance(Branch/CO) | I50: Branch Manager | M50: =M26 -> Branch Auditor/ Statutory Auditor

Sheet CWIP
A1: =BSheet!A1 -> THE STATE TRADING CORPORATION OF INDIA LTD
A2: =PPE!A2 -> Notes to accounts for the Period ended Sep 30, 2019
A3: =BSheet!A3 -> Name of the Branch/Division (Co):
A4: 5 | B4: Capital Work- In- Progress | F4: =BSheet!A4 -> (Amount Rs.) | N4: =F4 -> (Amount Rs.)
B6: For the Period ended Sep 30, 2019
B7: Particulars | C7: Balance as at April 01, 2019 | D7: Additions/ Adjustments during the Period | E7: Capitalized during the Period | F7: Balance as at Sep 30, 2019
B8: Office Building | C8: =F16 -> 0 | F8: =SUM(C8:E8) -> 0
B9: Plant & Equipment | C9: =F17 -> 0 | F9: =SUM(C9:E9) -> 0
B10: Office Equipment | C10: =F18 -> 0 | F10: =SUM(C10:E10) -> 0
B11: Others (specify nature) | C11: =F19 -> 0 | F11: =SUM(C11:E11) -> 0
B12: Total | C12: =SUM(C8:C11) -> 0 | D12: =SUM(D8:D11) -> 0 | E12: =SUM(E8:E11) -> 0 | F12: =SUM(F8:F11) -> 0
B14: For the Period ended Sep 30, 2018
B15: Particulars | C15: Balance as at April 01, 2018 | D15: Additions/ Adjustments during the Period | E15: Capitalized during the Period | F15: Balance as at Sep 30, 2018
B16: Office Building | F16: =SUM(C16:E16) -> 0
B17: Plant & Equipment | F17: =SUM(C17:E17) -> 0
B18: Office Equipment | F18: =SUM(C18:E18) -> 0
B19: Others (specify nature) | F19: =SUM(C19:E19) -> 0
B20: Total | C20: =SUM(C16:C19) -> 0 | D20: =SUM(D16:D19) -> 0 | E20: =SUM(E16:E19) -> 0 | F20: =SUM(F16:F19) -> 0
B24: Head of Finance(Branch/CO) | C24: Branch Manager | E24: =BSheet!D67 -> Branch Auditor/ Statutory Auditor

Sheet IP
A1: =BSheet!A1 -> THE STATE TRADING CORPORATION OF INDIA LTD
A2: =CWIP!A2 -> Notes to accounts for the Period ended Sep 30, 2019
A3: =BSheet!A3 -> Name of the Branch/Division (Co):
A4: 6 | B4: Investment Property
B5: For the Period ended Sep 30, 2019 | G5: ='P&L'!E4 -> (Amount Rs.)
B6: Particulars | C6: FREEHOLD | E6: LEASEHOLD | G6: Total
C7: Land | D7: Building | E7: =C7 -> Land | F7: Building
B8: Gross carrying value as at April 1, 2019 | G8: =SUM(C8:F8) -> 0
B9: Additions | G9: =SUM(C9:F9) -> 0
B10: Disposal/adjustments | G10: =SUM(C10:F10) -> 0
B11: Gross carrying value as at Sep 30, 2019 | C11: =SUM(C8:C10) -> 0 | D11: =SUM(D8:D10) -> 0 | E11: =SUM(E8:E10) -> 0 | F11: =SUM(F8:F10) -> 0 | G11: =G8+G9-G10 -> 0
B12: Accumulated depreciation as at April 1, 2019 | G12: =SUM(C12:F12) -> 0
B13: Additions | G13: =SUM(C13:F13) -> 0
B14: Disposal/adjustments | G14: =SUM(C14:F14) -> 0
B15: Accumulated depreciation as at Sep 30, 2019 | C15: =SUM(C12:C14) -> 0 | D15: =SUM(D12:D14) -> 0 | E15: =SUM(E12:E14) -> 0 | F15: =SUM(F12:F14) -> 0 | G15: =G12+G13-G14 -> 0
B16: Accummulated Impairment as at April 1, 2019 | G16: =SUM(C16:F16) -> 0
B17: Additions | G17: =SUM(C17:F17) -> 0
B18: Disposal/adjustments | G18: =SUM(C18:F18) -> 0
B19: Accummulated Impairment as at Sep 30, 2019 | C19: =SUM(C16:C18) -> 0 | D19: =SUM(D16:D18) -> 0 | E19: =SUM(E16:E18) -> 0 | F19: =SUM(F16:F18) -> 0 | G19: =G16+G17-G18 -> 0
B20: Carrying Value as at Sep 30, 2019 | C20: =C11-C15-C19 -> 0 | D20: =D11-D15-D19 -> 0 | E20: =E11-E15-E19 -> 0 | F20: =F11-F15-F19 -> 0 | G20: =G11-G15-G19 -> 0
B22: For the Period ended Sep 30, 2018
B23: Particulars | C23: FREEHOLD | E23: LEASEHOLD | G23: Total
C24: =C7 -> Land | D24: =D7 -> Building | E24: =E7 -> Land | F24: =F7 -> Building
B25: Gross carrying value as at April 1, 2018 | G25: =SUM(C25:F25) -> 0
B26: Additions | G26: =SUM(C26:F26) -> 0
B27: Disposal/adjustments | G27: =SUM(C27:F27) -> 0
B28: Gross carrying value as at Sep 30, 2018 | C28: =SUM(C25:C27) -> 0 | D28: =SUM(D25:D27) -> 0 | E28: =SUM(E25:E27) -> 0 | F28: =SUM(F25:F27) -> 0 | G28: =G25+G26-G27 -> 0
B29: Accumulated depreciation as at April 1, 2018 | G29: =SUM(C29:F29) -> 0
B30: Additions | G30: =SUM(C30:F30) -> 0
B31: Disposal/adjustments | G31: =SUM(C31:F31) -> 0
B32: Accumulated depreciation as at Sep 30, 2018 | C32: =SUM(C29:C31) -> 0 | D32: =SUM(D29:D31) -> 0 | E32: =SUM(E29:E31) -> 0 | F32: =SUM(F29:F31) -> 0 | G32: =G29+G30-G31 -> 0
B33: Accummulated Impairment as at April 1, 2018 | G33: =SUM(C33:F33) -> 0
B34: Additions | G34: =SUM(C34:F34) -> 0
B35: Disposal/adjustments | G35: =SUM(C35:F35) -> 0
B36: Accummulated Impairment as at Sep 30, 2018 | C36: =SUM(C33:C35) -> 0 | D36: =SUM(D33:D35) -> 0 | E36: =SUM(E33:E35) -> 0 | F36: =SUM(F33:F35) -> 0 | G36: =G33+G34-G35 -> 0
B37: Carrying Value as at Sep 30, 2018 | C37: =C28-C32 -> 0 | D37: =D28-D32 -> 0 | E37: =E28-E32 -> 0 | F37: =F28-F32 -> 0 | G37: =G28-G32 -> 0
B39: Amounts recognised in profit or loss for investment properties
B40: Particulars | D40: for the Period ended Sep 30, 2019 | F40: for the Period ended Sep 30, 2018
B41: Rental income derived from Investment Properties
B42: Direct operating expenses from property that generated rental income
B43: Profit from investment properties before depreciation | D43: =D41-D42 -> 0 | F43: =F41-F42 -> 0
B44: Depreciation
B45: Profit from investment properties | D45: =D43-D44 -> 0 | F45: =F43-F44 -> 0
A47: Explanatory Note
A48: Fair Value Measurement of Investment Properties
A49: The fair value of the Company’s investment property as at 31 March 2019 has been determined by External, independent property valuers having appropriate recognized professional qualifications and recent experience in the location and category of the property being valued. The company has obtained independent valuations for its investment properties as on 31.03.2018 and fair value measurement has been categorised as level III. The fair value was determined [based on the market comparable approach that reflects recent transaction prices for similar properties/capitalisation of net income method, where the market rentals of all lettable units of the properties are assessed by reference to the rentals achieved in the lettable units as well as other lettings of similar properties in the neighborhood. The capitalisation rate adopted is made by reference to the yield rates observed by the valuers for similar properties in the locality and adjusted based on the valuers’ knowledge of the factors specific to the respective properties/other methods. In estimating the fair value of the properties, the highest and best use of the properties is their current use.
A50: Details of Investment properties and information about the fair value are as under: | G50: (Rs. Crore)
A51: Particulars | D51: Fair Value as at 31.03.2019 | F51: Fair Value as at 31.03.2018
A52: Land & Building
B56: Head of Finance(Branch/CO) | C56: Branch Manager | E56: =BSheet!D67 -> Branch Auditor/ Statutory Auditor

Sheet ITA
A1: =BSheet!A1 -> THE STATE TRADING CORPORATION OF INDIA LTD
A2: =PPE!A2 -> Notes to accounts for the Period ended Sep 30, 2019
A3: =BSheet!A3 -> Name of the Branch/Division (Co):
A4: 7 | B4: Intangible Assets
B5: For the Period ended Sep 30, 2019 | E5: =BSheet!A4 -> (Amount Rs.)
B6: Particulars | C6: Computer Softwares | D6: Others (specify) | E6: Total
B7: Gross carrying value as at April 1, 2019 | C7: =C22 -> 0 | D7: =D22 -> 0 | E7: =SUM(C7:D7) -> 0
B8: Additions | E8: =SUM(C8:D8) -> 0
B9: Disposal/adjustments | E9: =SUM(C9:D9) -> 0
B10: Gross carrying value as at Sep 30, 2019 | C10: =C7+C8-C9 -> 0 | D10: =D7+D8-D9 -> 0 | E10: =SUM(C10:D10) -> 0
B11: Accumulated amortisation as at April 1, 2019 | C11: =C26 -> 0 | D11: =D26 -> 0 | E11: =SUM(C11:D11) -> 0
B12: Additions | E12: =SUM(C12:D12) -> 0
B13: Disposal/adjustments | E13: =SUM(C13:D13) -> 0
B14: Accumulated amortisation as at Sep 30, 2019 | C14: =C11+C12-C13 -> 0 | D14: =D11+D12-D13 -> 0 | E14: =SUM(C14:D14) -> 0
B15: Carrying Value as at Sep 30, 2019 | C15: =C10-C14 -> 0 | D15: =D10-D14 -> 0 | E15: =E10-E14 -> 0 | F15: =C15+D15-E15 -> 0
B17: For the Period ended Sep 30, 2018
B18: Particulars | C18: Computer Softwares | D18: Others (specify) | E18: Total
B19: Deemed Cost as at April 1, 2018 | C19: =C28 -> 0 | D19: =D28 -> 0 | E19: =SUM(C19:D19) -> 0
B20: Additions | E20: =SUM(C20:D20) -> 0
B21: Disposal/adjustments | E21: =SUM(C21:D21) -> 0
B22: Gross carrying value as at Sep 30, 2018 | C22: =C19+C20-C21 -> 0 | D22: =D19+D20-D21 -> 0 | E22: =E19+E20-E21 -> 0
B23: Accumulated amortisation as at April 1, 2018 | E23: =C23+D23 -> 0
B24: Additions | E24: =C24+D24 -> 0
B25: Disposal/adjustments | E25: =C25+D25 -> 0
B26: Accumulated amortisation as at Sep 30, 2018 | C26: =C23+C24-C25 -> 0 | D26: =D23+D24-D25 -> 0 | E26: =E23+E24-E25 -> 0
B27: Carrying Value as at Sep 30, 2018 | C27: =C22-C26 -> 0 | D27: =D22-D26 -> 0 | E27: =E22-E26 -> 0 | F27: =C27+D27-E27 -> 0
B28: Deemed Cost as at April 1, 2016 | C28: 0 | D28: 0 | E28: 0
B33: Head of Finance(Branch/CO) Branch Manager | D33: Branch Auditor/ Statutory Auditor

Sheet BS Notes
A1: =BSheet!A1 -> THE STATE TRADING CORPORATION OF INDIA LTD
A2: =PPE!A2 -> Notes to accounts for the Period ended Sep 30, 2019
A3: =ITA!A3 -> Name of the Branch/Division (Co):
A5: 8 | B5: Investments | E5: =BSheet!A4 -> (Amount Rs.)
B6: Particulars | D6: As at Sep 30, 2019 | E6: As at Sep 30, 2018
B7: Non Current
B8: Long Term
B9: Unquoted Investments
B11: Investment in Equity instrument ~ Subsidiaries
B12: STCL Limited (100% Holding)
B13: 1,50,000 (Fully paid up Equity shares of Rs. 100 each)
B14: Less: Impairment in value of Investment
B15: Net | D15: =D13-D14 -> 0 | E15: =E13-E14 -> 0
B16: Investment in Equity instrument ~ Joint Ventures
B17: NSS Satpura Agro Development Co. Ltd.
B18: 1,00,000 (Fully paid up Equity shares of Rs. 10 each)
B19: Less: Impairment in value of Investment
B20: Net | D20: =D18-D19 -> 0 | E20: =E18-E19 -> 0
B21: Investment in Equity instrument ~ Associates
B22: X (Fully paid up X Equity shares of each)
B23: Less: Impairment in value of Investment
B24: Net | D24: =D22-D23 -> 0 | E24: =E22-E23 -> 0
B25: Others
B26: Sea Lac Agro Ventures Limited
B27: 1,00,000 (Fully paid up Equity shares of Rs. 10 each)
B28: Less: Impairment in value of Investment
B29: Net | D29: =D27-D28 -> 0 | E29: =E27-E28 -> 0
B30: Maharashtra Small Scale Industries Development Corporation Ltd.
B31: 10,000 (Fully paid up Equity shares of Rs. 100/-each)
B32: Less: Impairment in value of Investment
B33: Net | D33: =D31-D32 -> 0 | E33: =E31-E32 -> 0
B34: Andhra Pradesh State Trading Corporation Ltd.
B35: 100 (Fully paid up Equity shares of Rs. 1000/-each)
B36: Less: Impairment in value of Investment
B37: Net | D37: =D35-D36 -> 0 | E37: =E35-E36 -> 0
B38: Sindhu Resetttlement Corporation Ltd.
B39: 4 (Fully paid up Equity shares of Rs. 1000/-each)
B40: Less: Impairment in value of Investment
B41: Net | D41: =D39-D40 -> 0 | E41: =E39-E40 -> 0
B43: Total | D43: =D15+D20+D24+D29+D33+D37+D41 -> 0 | E43: =E15+E20+E24+E29+E33+E37+E41 -> 0
B44: Current
B45: X (Fully paid up X Equity shares of each)
B46: Less: Fair value adjustment
B47: Net | D47: =D45-D46 -> 0 | E47: =E45-E46 -> 0
B48: Total | D48: =D47 -> 0 | E48: =E47 -> 0
B50: Details of Joint Ventures/ Associates written off in the books :
B51: Name of Joint Ventures | D51: F.Y. in which written off
B55: Name of Associates | D55: F.Y. in which written off
A59: 9 | B59: Trade Receivables
B60: Particulars | D60: =D6 -> As at Sep 30, 2019 | E60: =E6 -> As at Sep 30, 2018
B61: Non Current
B62: A. Trade receivable from related parties
B63: i. Secured ~ Considered good
B64: ii. Unsecured Considered good
B65: iii. Having Significant increase in Credit Risk
B66: iv. Credit Impaired
B67: Sub-total | D67: =SUM(D63:D66) -> 0 | E67: =SUM(E63:E66) -> 0
B68: Less : Allowance for bad and doubtful receivables
B69: Total (A) | D69: =D67-D68 -> 0 | E69: =E67-E68 -> 0
B70: B. Other Trade receivables
B71: i. Secured ~ Considered good
B72: ii. Unsecured Considered good
B73: iii. Having Significant increase in Credit Risk
B74: iv. Credit Impaired
B75: Sub-total | D75: =SUM(D71:D74) -> 0 | E75: =SUM(E71:E74) -> 0
B76: Less : Allowance for bad and doubtful receivables
B77: Total (B) | D77: =D75-D76 -> 0 | E77: =E75-E76 -> 0
B78: Total (A + B) | D78: =D69+D77 -> 0 | E78: =E69+E77 -> 0
B79: Current
B80: A. Trade receivable from related parties
B81: i. Secured, Considered good
B82: ii. Unsecured Considered good
B83: iii. Having Significant increase in Credit Risk
B84: iv. Credit Impaired
B85: Sub-total | D85: =SUM(D81:D84) -> 0 | E85: =SUM(E81:E84) -> 0
B86: Less : Allowance for bad and doubtful receivables
B87: Total (A) | D87: =D85-D86 -> 0 | E87: =E85-E86 -> 0
B88: B. Other Trade Receivables
B89: i. Secured, Considered good
B90: ii. Unsecured Considered good
B91: iii. Having Significant increase in Credit Risk
B92: iv. Credit Impaired
B93: Sub-total | D93: =SUM(D89:D92) -> 0 | E93: =SUM(E89:E92) -> 0
B94: Less : Allowance for bad and doubtful receivables | D94: =D92 -> 0 | E94: =E92 -> 0
B95: Total (B) | D95: =D93-D94 -> 0 | E95: =E93-E94 -> 0
B96: Total (A + B) | D96: =D87+D95 -> 0 | E96: =E87+E95 -> 0
B98: Amount Due from :
B99: Directors
B100: Other Officers
B101: Amount due from Firms/companies in which directors are partner/member/director
B102: Total
B104: Ageing of Trade receivables
B105: Up to 6 months
B106: more than 6 months
B107: Total (current + Non current) | D107: =SUM(D105:D106) -> 0 | E107: =SUM(E105:E106) -> 0
B109: Movement in allowances for doubtful debt
B110: Particulars | D110: =D60 -> As at Sep 30, 2019 | E110: =E60 -> As at Sep 30, 2018
B111: Non Current
B112: Balance at the beginning of the year
B113: Impairment losses/Provisions recognized during the year
...

Sheet PL  Notes
A1: =BSheet!A1 -> THE STATE TRADING CORPORATION OF INDIA LTD
A2: =PPE!A2 -> Notes to accounts for the Period ended Sep 30, 2019
A3: ='P&L'!A3 -> Name of the Branch/Division (Co):
A5: 25 | B5: Revenue From Operations | D5: =BSheet!A4 -> (Amount Rs.)
B6: Particulars | C6: Period Ended Sep 30, 2019 | D6: Period Ended Sep 30, 2018
B7: (a) Sales
B8: Export
B9: Imported Goods
B10: Domestic
B11: (b) Other operating revenue
B12: Exchange fluctuations- gains
B13: - On Business Associate's Account
B14: Export (Receivable)
B15: Import Payables)
B16: - On STC's Account
B17: Export (Receivable)
B18: Import Payables)
... B38: Inter Branch Stock Despatch
B39: Total | C39: =SUM(C7:C38) -> 0 | D39: =SUM(D7:D38) -> 0
A41: 26 | B41: Other Income
B42: Particulars | C42: =C6 -> Period Ended Sep 30, 2019 | D42: =D6 -> Period Ended Sep 30, 2018
B43: (a) Interest income:-
B44: Advance to Employees
B45: Loan to subsidiaries
B46: Inter Corporate Deposits
B47: Term Deposits With Banks & its subsidiaries :
B48: - Deposits pledged / under Lien as margin money
B49: - Other Deposits
B50: Term Deposits With FIs & its subsidiaries:
B51: Interest on Investments
B52: Income Tax Refunds
B53: Interest on Trade Finance/Associates :
B54: - Interest on PCFC /EPC
... B56: Other Miscellaneous interest
B57: Sub Total | C57: =SUM(C44:C56) -> 0 | D57: =SUM(D44:D56) -> 0
B58: (b) Miscellaneous income:-
B59: Dividend income-others (gross)
B60: Security Deposits forfeited
B61: Rent received from Employees
B62: Sub Total | C62: =SUM(C59:C61) -> 0 | D62: =SUM(D59:D61) -> 0
B63: (c) Rental income:-
B64: Rent Received from let-out property
B65: Recoveries for common services from tenants
B66: Sub Total | C66: =SUM(C64:C65) -> 0 | D66: =SUM(D64:D65) -> 0
B67: Less: Expenses related to let out property
B68: Land & Development office charges@25%
B69: Property tax/Municipal tax
B70: Ground Rent
B71: Electricity & Water charges
B72: Rates and Taxes
B73: Insurance Premium
B74: Maintenance Charges
B75: Administrative Expenses
B76: Sub Total | C76: =SUM(C67:C75) -> 0 | D76: =SUM(D67:D75) -> 0
B77: Net rental income | C77: =C66-C76 -> 0 | D77: =D66-D76 -> 0
B78: (d) Other Receipts:-
B79: Difference in exchange other than commodity items
B80: Misc. non Trade receipts
B81: Amortisation income of Deferred employee advances
B82: Amortisation income of Deferred Security deposit
B83: Sub Total | C83: =SUM(C79:C80) -> 0 | D83: =SUM(D79:D80) -> 0
B85: Total | C85: =C57+C62+C66+C77+C83 -> 0 | D85: =D57+D62+D66+D77+D83 -> 0
A87: 27 | B87: Cost of Materials consumed
B88: Particulars | C88: =C42 -> Period Ended Sep 30, 2019 | D88: =D42 -> Period Ended Sep 30, 2018
B89: Opening balance of material
B90: Add: Purchases made during the Period
B91: Less: Closing balance of material
B93: TOTAL | C93: =SUM(C89:C91) -> 0 | D93: =SUM(D89:D91) -> 0
A95: 28 | B95: Purchase of Stock-in-Trade
B96: Particulars | C96: =C88 -> Period Ended Sep 30, 2019 | D96: =D88 -> Period Ended Sep 30, 2018
B97: Export Purchase
B98: Import Purchase
B99: Domestic Purchase
B100: Inter Branch Stock Receipt
B101: Freight -Road
B102: -Rail
B103: -Marine
B104: Freight Reimbursement
B105: Excise Duty
B106: Market Cess
B107: Exchange fluctuation -loss :
B108: - On Business Associate's Account
... B110: Import Payables)
B111: - On STC's Account | C111: 0
B112: Export (Receivable)
B113: Import Payables)
B114: Premium on forward contract
B115: Insurance - General
B116: - Marine
B117: - Self insurance
B118: Customs Duty
B119: Clearing, Handling, Survey fee, port & Other Charges
B120: Demurrage
B121: Processing Charges
B122: Premium/Commission on Exim Scrip
B123: Turnover Tax
... B126: Octroi/Purchase Tax Reimbursement
B127: Total | C127: =SUM(C97:C126) -> 0 | D127: =SUM(D97:D126) -> 0
A129: 29 | B129: Changes in Inventory
B130: Particulars | C130: =C96 -> Period Ended Sep 30, 2019 | D130: =D96 -> Period Ended Sep 30, 2018
...

Sheet TO-TP 
A1: THE STATE TRADING CORPORATION OF INDIA LTD.
A2: SEGMENT-WISE TURNOVER AND TRADING PROFIT
A3: FOR THE PERIOD ENDED Sep 30, 2019
A5: Branch/Division:_________________________
A6: (Amount Rs.)
A7: S.No. | B7: NAME OF ITEMS | C7: TURNOVER | D7: OTHER OPERATING REVENUE | E7: REVENUE FROM OPERATIONS (NOTE- 25) | F7: TRADING PROFIT
C8: (1) | D8: (2) | E8: (3) =(1)+(2) | F8: (4)
A9: I | B9: EXPORT
A11: A. | B11: Items on Govt. account/PDS | E11: =C11+D11 -> 0
A12: 1 | E12: =C12+D12 -> 0
A13: 2 | E13: =C13+D13 -> 0
A14: 3 | E14: =C14+D14 -> 0
A15: 4 | E15: =C15+D15 -> 0
B16: Sub Total
A18: B. | B18: Items other than Govt. account
A19: 1 | B19: Project Exports | E19: =C19+D19 -> 0
A20: 2 | B20: Steel Raw Materials | E20: =C20+D20 -> 0
A21: 3 | B21: Wheat/Wheat Flour | E21: =C21+D21 -> 0
A22: 4 | B22: Rice/Rice Bran | E22: =C22+D22 -> 0
A23: 5 | B23: Maize/Coarse Grains | E23: =C23+D23 -> 0
A24: 6 | B24: Extractions | E24: =C24+D24 -> 0
A25: 7 | B25: Sugar | E25: =C25+D25 -> 0
A26: 8 | B26: Tea | E26: =C26+D26 -> 0
A27: 9 | B27: Castor Oil & Seed | E27: =C27+D27 -> 0
A28: 10 | B28: Jute / Jute Goods | E28: =C28+D28 -> 0
A29: 11 | B29: Jewellery / Diamond | E29: =C29+D29 -> 0
A30: 12 | B30: Coffee | E30: =C30+D30 -> 0
A31: 13 | B31: Cashew | E31: =C30+D30 -> 0
A32: 14 | B32: Chemicals & Drugs | E32: =C32+D32 -> 0
A33: 15 | B33: Manufactured Products | E33: =C33+D33 -> 0
A34: 16 | B34: Jatropha | E34: =C34+D34 -> 0
A35: 17 | B35: Petro-chemicals (Incl. Lubricants etc.) | E35: =C35+D35 -> 0
A36: 18 | B36: Iron Ore | E36: =C36+D36 -> 0
A37: 19 | B37: Govt. Grants | E37: =C37+D37 -> 0
A38: 20 | B38: HR Coil - Offshore | E38: =C38+D38 -> 0
A39: 21 | B39: Others
B40: Sub Total
B42: TOTAL (I)
A45: Note: 1. Project Export- includes Steel raw materials/Steel slabs to Phillippines or Bulgaria and trade
A46: shown as Offshore under Project Export to any of these two countries.
A47: 2. Steel Raw materials - includes steel items to countries other than Phillippines and Bulgaria.
A48: 3. Extraction - include all oil meals/cakes.
A49: 4. Manufactured Products - includes Textiles & Garments, Processed food, Consumer goods,
A50: Construction material and Leather ware/PVC resins.
A51: 5. Any commodity item not covered by the above list may be incorporated as per the requirements.
A55: S.No. | B55: NAME OF ITEMS | C55: =C7 -> TURNOVER | D55: =D7 -> OTHER OPERATING REVENUE | E55: =E7 -> REVENUE FROM OPERATIONS (NOTE- 25) | F55: TRADING PROFIT
C56: =C8 -> (1) | D56: =D8 -> (2) | E56: =E8 -> (3) =(1)+(2) | F56: =F8 -> (4)
A57: II | B57: IMPORT
A59: A. | B59: Items on Govt. account/PDS
A60: 1 | B60: Edible Oil
A61: 2 | B61: Pulses
A62: 3 | B62: Wheat
A63: 4 | B63: Rice
A64: 5 | B64: Urea
B65: Sub Total
A68: B. | B68: Items other than Govt. account
A69: 1 | B69: Hydrocarbons
A70: 2 | B70: Edible oil
A71: 3 | B71: Pulses
A72: 4 | B72: Mineral & Metals
A73: 5 | B73: Non Ferrous Metals
A74: 6 | B74: Sugar
A75: 7 | B75: Coconut Oil
A76: 8 | B76: Oats
A77: 9 | B77: Maize
A78: 10 | B78: Gold
A79: 11 | B79: Silver
A80: 12 | B80: Newsprint
... A90: 22 | B90: Others
B91: Sub Total
B93: TOTAL (II)
A96: Note: 1. Hydrocarbon - includes Coal, Lam/Thermal Coal & Coke.
A97: 2. Minerals & Metals - includes Steel Billets, HR/CR Coils, Steel Slabs, MS chilled Bars/Re-Bars,
A98: Ferro Chrome, Copper etc.
A99: 3. Non Ferrous Metal - includes all ores and minerals.
A100: 4. Any commodity item not covered by the above list may be incorporated as per the requirements.
A103: S.No. | B103: NAME OF ITEMS | C103: =C55 -> TURNOVER | D103: =D55 -> OTHER OPERATING REVENUE | E103: =E55 -> REVENUE FROM OPERATIONS (NOTE- 25) | F103: =F55 -> TRADING PROFIT
C104: =C56 -> (1) | D104: =D56 -> (2) | E104: =E56 -> (3) =(1)+(2) | F104: =F56 -> (4)
A105: III | B105: DOMESTIC
A107: A. | B107: Items on Govt. account/PDS
A108: 1
A109: 2
B112: Sub Total
A115: B. | B115: Items other than Govt. account
A116: 1 | B116: Oil Seeds/Oils/Extractions
A117: 2 | B117: Cotton Seed Oil/Bales
A118: 4 | B118: Castor Seed/Oil
A119: 5 | B119: Mineral & Metals
A120: 6 | B120: Non Ferrous Metals
A121: 7 | B121: Hydrocarbons
A122: 8 | B122: Pulses
A123: 9 | B123: Jute / Jute goods
A124: 10 | B124: Coarse Grain
A125: 11 | B125: Steel Items
A126: 12 | B126: Sugar
A127: 13 | B127: Tea
... A133: 19 | B133: Others
B134: Sub Total
B136: TOTAL (III)
B138: GRAND TOTAL (I+II+III)
...

Sheet F. Currency
A1: STATEMENT OF OUTSTANDING PAYABLE / RECEIVABLE IN FOREIGN CURRENCY
A2: AS ON 30.09.2019
A3: Annexure -II
A4: Branch/Division____________________________
A5: (Amount in Rs.)
A6: (A) DETAILS OF FOREIGN EXCHANGE EXPOSURE FOR THE QUARTER ENDED 30.09.2019
A7: S.No. | B7: Name of Party | C7: Commodity | D7: Name of currency | E7: Payable | F7: Receivable | G7: Nature of Transaction | H7: STC's A/c OR Associate's A/c | I7: Hedged /Unhedged (specify nature of Hedge) i.e. forward cover, futures options, swaps etc. | J7: STEPS TAKEN TO LIMIT THE RISK OF ADVERSE EXCHANGE RATE MOVEMENT, IF MATERIAL
E8: Foreign currency Full value* | F8: Foreign currency Full value*
B21: Total
A25: (B) DETAILS OF MATERIAL DEFAULTS IN FINANCIAL OBLIGATIONS TO AND BY THE COMPANY, OR SUBSTANTIAL NON PAYMENT FOR GOODS SOLD BY THE COMPANY FOR THE QUARTER ENDED 30.09.2019
A26: S.No. | B26: Particulars | F26: AMOUNT | H26: REMARKS
B30: Total
A32: Note : The above information is to be submitted to the BOARD for the reporting quarter only.
A36: ( c ) DETAILS OF FOREIGN EXCHANGE EXPOSURE AS ON 30.09.2019 ( full value in foreign currency)
A37: S.No. | B37: PARTICULARS | C37: STC's own Account | G37: Associate Account
C38: Hedged | E38: Unhedged | G38: Hedged | I38: Unhedged
C39: Receivable | D39: Payable | E39: Receivable | F39: Payable | G39: Receivable | H39: Payable | I39: Receivable | J39: Payable
A40: 1 | B40: USD
A41: =+A40+1 -> 2 | B41: EURO
A42: =+A41+1 -> 3 | B42: CAD
A43: =+A42+1 -> 4 | B43: POUND
A44: =+A43+1 -> 5 | B44: Others, Specify
A49: (D ) DETAILS OF FOREIGN EXCHANGE EXPOSURE AS ON 30.09.2019 (Full value in Foreign currency) as per RBI instruction
A50: S.No. | B50: Particulars | C50: USD | E50: EURO | G50: POUND | I50: Other (please specify)
C51: Receivable | D51: Payable | E51: Receivable | F51: Payable | G51: Receivable | H51: Payable | I51: Receivable | J51: Payable
A52: 1 | B52: Foreign Currency Exposure (FCE)
A53: =A52+1 -> 2 | B53: FCE having maturity cash flows over the period of next 5 yrs (out of 1 above)
A54: =A53+1 -> 3 | B54: Amount covered by financial hedge (out of 2 above)
A55: =A54+1 -> 4 | B55: Amount covered by natural hedge (out of 2 above)
A56: =A55+1 -> 5 | B56: Unhedged Foreign Currency Exposure (FCE) (2-3-4)
A58: Note : Clarification, if any, in respect of (D) above may be sought from Banking division,C.O.
B63: Head of Finance (Branch/C.O.) | E63: Branch Manager | H63: Internal Auditor

Sheet Cap. employed
A1: Statement of Segment Assets & Liabilities
A2: Annexure -III
A3: Branch/Division ______________________
A4: (Amount in Rs.)
A5: PARTICULARS | B5: Note No. | C5: EXPORT | D5: IMPORT | E5: DOMESTIC | F5: UNALLOCATED | G5: TOTAL
C6: As at 30.09.2019 | D6: =+C6 -> As at 30.09.2019 | E6: =+D6 -> As at 30.09.2019 | F6: =+E6 -> As at 30.09.2019 | G6: =+F6 -> As at 30.09.2019
A8: A. Segment Revenue
A9: B. Segment Results
A11: C. Segment Assets
A12: Non-current assets
A13: (a) Property, Plant and Equipment | B13: 4 | G13: =SUM(C13:F13) -> 0
A14: (b) Capital work-in-progress | B14: 5 | G14: =SUM(C14:F14) -> 0
A15: (c) Investment property | B15: 6 | G15: =SUM(C15:F15) -> 0
A16: (d) Other intangible assets | B16: 7 | G16: =SUM(C16:F16) -> 0
A17: (e) Financial Assets : | G17: =SUM(C17:F17) -> 0
A18: (i) Investments | B18: 8 | G18: =SUM(C18:F18) -> 0
A19: (ii) Trade receivables | B19: 9 | G19: =SUM(C19:F19) -> 0
A20: (iii) Loans | B20: 10 | G20: =SUM(C20:F20) -> 0
A21: (iv) Other Financial Assets | B21: 11 | G21: =SUM(C21:F21) -> 0
A22: (f) Deferred tax assets (net) | B22: 12 | G22: =SUM(C22:F22) -> 0
A23: (g) Tax Assets (Net) | B23: 13 | G23: =SUM(C23:F23) -> 0
A24: (h) Other non-current assets | B24: 14 | G24: =SUM(C24:F24) -> 0
G25: =SUM(C25:F25) -> 0
A26: Current Assets | G26: =SUM(C26:F26) -> 0
A27: (a) Inventories | B27: 15 | G27: =SUM(C27:F27) -> 0
A28: (b) Financial Assets : | G28: =SUM(C28:F28) -> 0
A29: (i) Investments | B29: 8 | G29: =SUM(C29:F29) -> 0
A30: (ii) Trade receivables | B30: 9 | G30: =SUM(C30:F30) -> 0
A31: (iii) Cash & cash equivalents | B31: 16 | G31: =SUM(C31:F31) -> 0
A32: (iv) Bank Balances other than (iii) above | B32: 17 | G32: =SUM(C32:F32) -> 0
A33: (v) Loans | B33: 10 | G33: =SUM(C33:F33) -> 0
A34: (vi) Other Financial Assets | B34: 11 | G34: =SUM(C34:F34) -> 0
A35: (c) Tax Assets (Net) | B35: 13 | G35: =SUM(C35:F35) -> 0
A36: (d) Other Current Assets | B36: 14 | G36: =SUM(C36:F36) -> 0
A37: (e) Other Current Assets held for Disposal | G37: =SUM(C37:F37) -> 0
A38: TOTAL (A) | C38: =SUM(C13:C37) -> 0 | D38: =SUM(D13:D37) -> 0 | E38: =SUM(E13:E37) -> 0 | F38: =SUM(F13:F37) -> 0 | G38: =SUM(G13:G37) -> 0
A39: D. Segment liabilities
A40: Non-current liabilities
A41: (a) Financial Liabilities | G41: =SUM(C41:F41) -> 0
A42: (i) Borrowings | B42: 20 | G42: =SUM(C42:F42) -> 0
A43: (ii) Trade payables -MSME
A44: (iii) Trade payables - Others | B44: 21 | G44: =SUM(C44:F44) -> 0
A45: (iv) Other Financial Liabilities | B45: 22 | G45: =SUM(C45:F45) -> 0
A46: (b) Provisions | B46: 23 | G46: =SUM(C46:F46) -> 0
A47: (c) Deferred tax liabilities (Net) | B47: 12 | G47: =SUM(C47:F47) -> 0
A48: (d) Tax Liabilities (Net) | B48: 13 | G48: =SUM(C48:F48) -> 0
A49: (e) Other non-current liabilities Excluding HOR Balances | B49: 24 | G49: =SUM(C49:F49) -> 0
G50: =SUM(C50:F50) -> 0
A51: Current liabilities | G51: =SUM(C51:F51) -> 0
A52: (a) Financial Liabilities | G52: =SUM(C52:F52) -> 0
A53: (i) Borrowings | B53: 20 | G53: =SUM(C53:F53) -> 0
A54: (ii) Trade payables - MSME
A55: (iii) Trade payables - Others | B55: 21 | G55: =SUM(C55:F55) -> 0
A56: (iv) Other Financial Liabilities | B56: 22 | G56: =SUM(C56:F56) -> 0
A57: (b) Provisions | B57: 23 | G57: =SUM(C57:F57) -> 0
A58: (c) Tax Liabilities (Net) | B58: 13 | G58: =SUM(C58:F58) -> 0
A59: (d) Other current liabilities | B59: 24 | G59: =SUM(C59:F59) -> 0
A60: TOTAL (B) | C60: =SUM(C42:C59) -> 0 | D60: =SUM(D41:D59) -> 0 | E60: =SUM(E41:E59) -> 0 | F60: =SUM(F41:F59) -> 0 | G60: =SUM(G41:G59) -> 0
A61: Capital Employed (A-B) | C61: =C38-C60 -> 0 | D61: =D38-D60 -> 0 | E61: =E38-E60 -> 0 | F61: =F38-F60 -> 0 | G61: =G38-G60 -> 0
A64: PARTICULARS | B64: Note No. | C64: EXPORT | D64: IMPORT | E64: DOMESTIC | F64: UNALLOCATED | G64: TOTAL
C65: As at 30.09.2018 | D65: =+C65 -> As at 30.09.2018 | E65: =+D65 -> As at 30.09.2018 | F65: =+E65 -> As at 30.09.2018 | G65: =+F65 -> As at 30.09.2018
A67: A. Segment Revenue
A68: B. Segment Results
A70: C. Segment Assets
A71: Non-current assets
A72: (a) Property, Plant and Equipment | B72: 4 | G72: =SUM(C72:F72) -> 0
A73: (b) Capital work-in-progress | B73: 5 | G73: =SUM(C73:F73) -> 0
A74: (c) Investment property | B74: 6 | G74: =SUM(C74:F74) -> 0
A75: (d) Other intangible assets | B75: 7 | G75: =SUM(C75:F75) -> 0
A76: (e) Financial Assets : | G76: =SUM(C76:F76) -> 0
A77: (i) Investments | B77: 8 | G77: =SUM(C77:F77) -> 0
A78: (ii) Trade receivables | B78: 9 | G78: =SUM(C78:F78) -> 0
A79: (iii) Loans | B79: 10 | G79: =SUM(C79:F79) -> 0
A80: (iv) Other Financial Assets | B80: 11 | G80: =SUM(C80:F80) -> 0
A81: (f) Deferred tax assets (net) | B81: 12 | G81: =SUM(C81:F81) -> 0
A82: (g) Tax Assets (Net) | B82: 13 | G82: =SUM(C82:F82) -> 0
A83: (h) Other non-current assets | B83: 14 | G83: =SUM(C83:F83) -> 0
G84: =SUM(C84:F84) -> 0
A85: Current Assets | G85: =SUM(C85:F85) -> 0
A86: (a) Inventories | B86: 15 | G86: =SUM(C86:F86) -> 0
A87: (b) Financial Assets : | G87: =SUM(C87:F87) -> 0
A88: (i) Investments | B88: 8 | G88: =SUM(C88:F88) -> 0
A89: (ii) Trade receivables | B89: 9 | G89: =SUM(C89:F89) -> 0
A90: (iii) Cash & cash equivalents | B90: 16 | G90: =SUM(C90:F90) -> 0
A91: (iv) Bank Balances other than (iii) above | B91: 17 | G91: =SUM(C91:F91) -> 0
A92: (v) Loans | B92: 10 | G92: =SUM(C92:F92) -> 0
A93: (vi) Other Financial Assets | B93: 11 | G93: =SUM(C93:F93) -> 0
A94: (c) Tax Assets (Net) | B94: 13 | G94: =SUM(C94:F94) -> 0
A95: (d) Other Current Assets | B95: 14 | G95: =SUM(C95:F95) -> 0
A96: (e) Other Current Assets held for Disposal | G96: =SUM(C96:F96) -> 0
A97: TOTAL (A) | C97: =SUM(C72:C96) -> 0 | D97: =SUM(D72:D96) -> 0 | E97: =SUM(E72:E96) -> 0 | F97: =SUM(F72:F96) -> 0 | G97: =SUM(G72:G96) -> 0
A98: D. Segment liabilities
A99: Non-current liabilities
A100: (a) Financial Liabilities
A101: (i) Borrowings | B101: 20 | G101: =SUM(C101:F101) -> 0
A102: (ii) Trade payables -MSME | G102: =SUM(C102:F102) -> 0
A103: (iii) Trade payables - Others | B103: 21 | G103: =SUM(C103:F103) -> 0
A104: (iv) Other Financial Liabilities | B104: 22 | G104: =SUM(C104:F104) -> 0
A105: (b) Provisions | B105: 23 | G105: =SUM(C108:F108) -> 0
A106: (c) Deferred tax liabilities (Net) | B106: 12 | G106: =SUM(C106:F106) -> 0
...

Sheet Conti. Asset
A1: STATEMENT OF CONTINGENT ASSETS
A2: AS ON 30.09.2019
A3: ANNEXURE IV (a)
A4: Branch/Division __________________________________
A5: (Amount in Rs.)
A6: S.No. | B6: Name of Party | C6: Commodity | D6: Nature of Transaction | E6: Date of recognition of contingent Asset | F6: Balance as at | K6: Court/Forum where matter is disputed | L6: Present Status of the case
F7: 30.09.2019 | J7: 31.03.2019 (Audited)
F8: Principal | G8: Interest | H8: Others | I8: Total | J8: Total
B15: Total
B20: Head of Finance (Branch/C.O.) | J20: Branch Manager | L20: Internal Auditor
A22: Note : Contingent Asset will also include amount written off in earlier years.

Sheet TO-TP
A1: THE STATE TRADING CORPORATION OF INDIA LTD.
A2: SEGMENT-WISE TURNOVER AND TRADING PROFIT
A3: FOR THE PERIOD ENDED June 30, 2019
A5: Branch/Division:_________________________
A6: (Amount Rs.)
A7: S.No. | B7: NAME OF ITEMS | C7: TURNOVER | D7: OTHER OPERATING REVENUE | E7: REVENUE FROM OPERATIONS (NOTE- 25) | F7: TRADING PROFIT
C8: (1) | D8: (2) | E8: (3) =(1)+(2) | F8: (4)
A9: I | B9: EXPORT
A11: A. | B11: Items on Govt. account/PDS | E11: =C11+D11 -> 0
A12: 1 | E12: =C12+D12 -> 0
A13: 2 | E13: =C13+D13 -> 0
A14: 3 | E14: =C14+D14 -> 0
A15: 4 | E15: =C15+D15 -> 0
B16: Sub Total
A18: B. | B18: Items other than Govt. account
A19: 1 | B19: Project Exports | E19: =C19+D19 -> 0
A20: 2 | B20: Steel Raw Materials | E20: =C20+D20 -> 0
A21: 3 | B21: Wheat/Wheat Flour | E21: =C21+D21 -> 0
A22: 4 | B22: Rice/Rice Bran | E22: =C22+D22 -> 0
A23: 5 | B23: Maize/Coarse Grains | E23: =C23+D23 -> 0
A24: 6 | B24: Extractions | E24: =C24+D24 -> 0
A25: 7 | B25: Sugar | E25: =C25+D25 -> 0
A26: 8 | B26: Tea | E26: =C26+D26 -> 0
A27: 9 | B27: Castor Oil & Seed | E27: =C27+D27 -> 0
A28: 10 | B28: Jute / Jute Goods | E28: =C28+D28 -> 0
A29: 11 | B29: Jewellery / Diamond | E29: =C29+D29 -> 0
A30: 12 | B30: Coffee | E30: =C30+D30 -> 0
A31: 13 | B31: Cashew | E31: =C30+D30 -> 0
A32: 14 | B32: Chemicals & Drugs | E32: =C32+D32 -> 0
A33: 15 | B33: Manufactured Products | E33: =C33+D33 -> 0
A34: 16 | B34: Jatropha | E34: =C34+D34 -> 0
A35: 17 | B35: Petro-chemicals (Incl. Lubricants etc.) | E35: =C35+D35 -> 0
A36: 18 | B36: Iron Ore | E36: =C36+D36 -> 0
A37: 19 | B37: Govt. Grants | E37: =C37+D37 -> 0
A38: 20 | B38: HR Coil - Offshore | E38: =C38+D38 -> 0
A39: 21 | B39: Others
B40: Sub Total
B42: TOTAL (I)
A45: Note: 1. Project Export- includes Steel raw materials/Steel slabs to Phillippines or Bulgaria and trade
A46: shown as Offshore under Project Export to any of these two countries.
A47: 2. Steel Raw materials - includes steel items to countries other than Phillippines and Bulgaria.
A48: 3. Extraction - include all oil meals/cakes.
A49: 4. Manufactured Products - includes Textiles & Garments, Processed food, Consumer goods,
A50: Construction material and Leather ware/PVC resins.
A51: 5. Any commodity item not covered by the above list may be incorporated as per the requirements.
A55: S.No. | B55: NAME OF ITEMS | C55: =C7 -> TURNOVER | D55: =D7 -> OTHER OPERATING REVENUE | E55: =E7 -> REVENUE FROM OPERATIONS (NOTE- 25) | F55: TRADING PROFIT
C56: =C8 -> (1) | D56: =D8 -> (2) | E56: =E8 -> (3) =(1)+(2) | F56: =F8 -> (4)
A57: II | B57: IMPORT
A59: A. | B59: Items on Govt. account/PDS
A60: 1 | B60: Edible Oil
A61: 2 | B61: Pulses
A62: 3 | B62: Wheat
A63: 4 | B63: Rice
A64: 5 | B64: Urea
B65: Sub Total
A68: B. | B68: Items other than Govt. account
A69: 1 | B69: Hydrocarbons
A70: 2 | B70: Edible oil
A71: 3 | B71: Pulses
A72: 4 | B72: Mineral & Metals
A73: 5 | B73: Non Ferrous Metals
A74: 6 | B74: Sugar
A75: 7 | B75: Coconut Oil
A76: 8 | B76: Oats
A77: 9 | B77: Maize
A78: 10 | B78: Gold
A79: 11 | B79: Silver
A80: 12 | B80: Newsprint
... A90: 22 | B90: Others
B91: Sub Total
B93: TOTAL (II)
A96: Note: 1. Hydrocarbon - includes Coal, Lam/Thermal Coal & Coke.
A97: 2. Minerals & Metals - includes Steel Billets, HR/CR Coils, Steel Slabs, MS chilled Bars/Re-Bars,
A98: Ferro Chrome, Copper etc.
A99: 3. Non Ferrous Metal - includes all ores and minerals.
A100: 4. Any commodity item not covered by the above list may be incorporated as per the requirements.
A103: S.No. | B103: NAME OF ITEMS | C103: =C55 -> TURNOVER | D103: =D55 -> OTHER OPERATING REVENUE | E103: =E55 -> REVENUE FROM OPERATIONS (NOTE- 25) | F103: =F55 -> TRADING PROFIT
C104: =C56 -> (1) | D104: =D56 -> (2) | E104: =E56 -> (3) =(1)+(2) | F104: =F56 -> (4)
A105: III | B105: DOMESTIC
A107: A. | B107: Items on Govt. account/PDS
A108: 1
A109: 2
B112: Sub Total
A115: B. | B115: Items other than Govt. account
A116: 1 | B116: Oil Seeds/Oils/Extractions
A117: 2 | B117: Cotton Seed Oil/Bales
A118: 4 | B118: Castor Seed/Oil
A119: 5 | B119: Mineral & Metals
A120: 6 | B120: Non Ferrous Metals
A121: 7 | B121: Hydrocarbons
A122: 8 | B122: Pulses
A123: 9 | B123: Jute / Jute goods
A124: 10 | B124: Coarse Grain
A125: 11 | B125: Steel Items
A126: 12 | B126: Sugar
A127: 13 | B127: Tea
... A133: 19 | B133: Others
B134: Sub Total
B136: TOTAL (III)
B138: GRAND TOTAL (I+II+III)
...

Sheet Cont. Liab
A1: DETAILS OF CONTINGENT LIABILITY NOT PROVIDED FOR AS ON 30.06.2019
A2: (Annexure - IV (b)
A3: (Amount Rs. )
A4: BRANCH/DIVISIONS ______________
A5: (A) CLAIM AGAINST THE COMPANY NOT ACKNOWLEDGED AS DEBT
A6: S.NO. | B6: NAME OF PARTY | C6: NATURE OF CLAIM | D6: CASE NO. | E6: DATE & YEAR OF CASE | F6: CASE PENDING IN WHICH COURT/AUTHORITY | G6: OPENING BALANCE as on 01.04.2019 | I6: ADDITION/ (DELETION) DURING THE PERIOD | J6: CLOSING BALANCE as on 30.06.2019 | L6: LAST HEARING DATE | M6: NEXT DATE OF HEARING | N6: REAMRKS
G7: PRINCIPAL | H7: INTEREST, IF ANY | J7: PRINCIPAL | K7: INTEREST, IF ANY
A9: (A) | B9: CLAIM AGAINST THE COMPANY NOT ACKNOWLEDGED AS DEBT
B10: (i) Court & Arbitration cases with parties *
B15: (ii). Sales Tax
B19: (iii) Service Tax
B23: (iv) Income tax
B28: (v). Custom duty
B33: (vi). Goods & Service Tax
B37: (vii). Others
A41: (B ) | B41: OTHER MONEY FOR WHICH COMPANY IS CONTINGENTLY LIABLE
A46: (C ) | B46: Guarantees excluding Financial Guarantee
A50: TOTAL
A55: Head of Finance (Branch/C.O.) | M55: Branch Auditors/ Statutory Auditors

Sheet Guarantee
A1: STATEMENT OF GUARANTEES GIVEN BY THE CORPORATION
A2: AS ON 30.06.2019
A3: ANNEXURE IV(c)
A4: Branch/Division______________________
A5: (Amount Rs.)
A6: S.No. | B6: Name of Party | C6: Commodity | D6: Amount | E6: Date of issue | F6: Date of expiry | G6: Nature of Transaction | H6: Remarks
B14: Total
B19: Head of Finance (branch/C.O.) | E19: Branch Manager | G19: Branch Auditors/ Statutory Auditors

Sheet IFC
A1: Compliance of Internal Financial Control for the period ended 30.09.2019
A2: ANNEXURE V
A3: Branch/Division __________________________________
A5: S.No. | B5: INTERNAL CONTROL | C5: COMPLIED (YES/NO) | D5: REMARKS FOR NON COMPLIANCE
A6: 1 | B6: Accounts have been prepared as per the accounting policy 2018-19.
A7: =A6+1 -> 2 | B7: All accounting standard (Ind-AS)as notified by ministry of corporate affairs have been complied with while preparing the financial statements.
A8: =A7+1 -> 3 | B8: All instructions and circulars issued from time to time by F&A corporate accounts division have been complied with.
A9: =A8+1 -> 4 | B9: All transactions have been accounted for accurately and fairly presented in the financial statements during the reporting period.
A10: =A9+1 -> 5 | B10: All receipts and expenditure of the company are being made with the authorization of the management of the Company.
A11: =A10+1 -> 6 | B11: Transactions are recorded to facilitate preparation of financial statements in accordance with generally accepted accounting principles.
A12: =A11+1 -> 7 | B12: Accounting records i.e. books of accounts as defined in section (2)(13) and section 128 of the companies act 2013 is maintained and kept in safe custody.
A13: =A12+1 -> 8 | B13: Details of fraud taken place during the reporting period .
A14: =A13+1 -> 9 | B14: Details of prevention or timely detection of un authorized acquisition, use or disposition of the company’s assets for the reporting period.
A15: =A14+1 -> 10 | B15: Fixed assets register has been maintained as per the Companies Act, 2013. All the assets have been accounted for with a proper location and identification of each asset with quantitative details.
A16: =A15+1 -> 11 | B16: Compliances of all statutory requirements of laws & regulations relating to Income Tax, Sales Tax, VAT, Custom, Service Tax WCT etc. applicable to the company have been done for the reporting period.
A17: =A16+1 -> 12 | B17: Data Security, integrity & Access Rights in tally accounting system is being effectively maintained as per C.O. guidelines.
A18: =A17+1 -> 13 | B18: Effectiveness of internal financial control in existence.
... A20: =A19+1 -> 15 | B20: Compliance of MAC Directions : 1. Prepaid expenses have been classified on prorata monthly basis as per circular dtd. 18.09.2017 issued by F&A (Corporate A/cs Div.)
B21: 2. All income & Expenses of any material value or of recurring nature shall be recorded by routing through parties account & not directly in the respective heads. (ref Cir no. STC/IAD/473/2015-16 dtd. 15.01.2016)
B22: 3.All assets/liabilities for outstanding for 3 years & above have been reviewed and necessary effects have been given in the a/cs. (ref Cir no. STC/IAD/473/2015-16 dtd. 15.01.2016)
A23: =A20+1 -> 16 | B23: Any other Matter to be reported related to internal financial control
A27: Head of Finance (Branch/C.O. ) (Branch Manager)/(GM-F/CGM-F(C.O.) (Internal Auditors)
A29: Date: | B29: Head of Finance (branch/C.O.)
A30: Place:

Sheet FRAUD
A2: DETAILS OF FRAUD NOTICED FOR THE PERIOD FROM 01.04.2019 TO 30.09.2019
A4: (ANNEXURE VI)
A5: Branch/Division __________________________________
A6: (Amount in Rs.)
A8: S.No. | B8: Particulars of Fraud Noticed | D8: Amount involved in (Rs.) | E8: Remarks/ Action taken
A16: Head of Finance (Branch/C.O.) | F16: Branch Manager

Sheet Compliance Cert.
A1: THE STATE TRADING CORPORATION OF INDIA LTD
A2: =[65]BSheet!A3 -> Name of the Branch/Division (Co)_____________________________________
A3: (ANNEXURE VII)
A4: COMPLIANCE CERTIFICATE
A6: Certified that the Unaudited Financial Results (Reviewed) for the Six months ended on 30.09.2019 do not contain any false or misleading statements or figures and do not omit any material fact which may make the statements or figures contained therein misleading.
A11: Head of Finance (Branch/C.O.) | G11: Branch Manager
A12: Place:
A13: Date:

Sheet TDS
A1: THE STATE TRADING CORPORATION OF INDIA LTD.
A2: DETAILS OF TAX DEDUCTED AT SOURCE ON RENTAL, INTEREST INCOME ETC. FROM 01.04.2019-30.09.2019
A3: (Annexure - VIII)
A4: (Amount in Rs. )
A5: BRANCH/DIVISIONS ______________
A7: S.NO. | B7: NAME OF PARTY | C7: Head of Income (Rent/Interest, Trade Margin etc.) | D7: TAN of the Party | E7: GROSS AMOUNT CREDITED IN BOOKS* | F7: Amount not recd. In case of Rent | G7: AMOUNT OF TDS DEDUCTED BY PARTY | H7: FORM 16A CERTIFICATE NO. ISSUED BY PARTY | I7: Amount Trf to Tax Cell, C.O. vide TM No. | J7: Amount yet to Trf to Tax Cell, C.O. | K7: Year to which pertains | L7: Remarks, If Any
A8: 1 | B8: 2 | C8: 3 | D8: 4 | E8: 5 | F8: 6 | G8: 7 | H8: 8 | I8: 9 | J8: 10 | K8: 11 | L8: 12
A10: (A) | B10: OPENING BALANCE AS ON 01.04.2019
B20: TOTAL
A21: (B) | B21: CURRENT FINANCIAL YEAR
B30: TOTAL
A31: Note:
A32: 1 | B32: Branches /Accounting units must ensure that Form 16 A & TM has been forwarded to corporate accounts Div.
A33: 2 | B33: Branches /Accounting units must ensure that Income has been accounted for in books of account on Gross Basis only.
A34: 3 | B34: Gross amount credited In books should match with the respective heads of income.
A35: 4 | B35: Opening Balance as on 01.04.2019 should match with figures reported in the audited accounts as on 31.03.2019
B39: Head of Finance (Branch/C.O.) | F39: Branch Manager | I39: Internal Auditors

Sheet MOU
A2: Details of performance in terms of MOU FROM 01.04.2019 TO 30.06.2019
A4: (ANNEXURE IX)
A5: Branch/Division __________________________________
A8: S.No. | B8: Particulars | C8: (Amount in Rs.)
A9: (A) | B9: Reduction in trade receivable of over 6 months over previous year
B10: a) Trade receivable of over 6 months as on 31.03.2019
B11: b) Recoveries made out of a) above during April-19 - June-19
A13: (B) | B13: Claims withdrawn/paid/admitted during the period April'19- June '19 out of total claim against the company not acknowledged as debts as on 31.03.2019 in respect of
B14: (i) Claim of CPSE
B15: (ii) Claim of Central & State Govt.
B16: (iii) Other Claim
B21: Head of Finance (Branch/C.O.) | C21: Branch Manager

Sheet OH
A1: (Annexure-IX)
A2: THE STATE TRADING CORPORATION OF INDIA LTD.
A3: STATEMENT SHOWING OVERHEAD EXPENDITURE FOR THE PERIOD ENDED 30.09.2019
A4: Name of the Branch/Accounting units _______________
A5: (Rs. Lacs)
B6: 2018-19 | C6: 2019-20
A7: PARTICULARS | B7: Audited | C7: Budget | D7: Prorata | E7: Actual up to Sep'19 | F7: Variations of (3) Over (4) | G7: Reason for excess over approved budget
A9: 9 | B9: -1 | C9: =B9-1 -> -2 | D9: -3 | E9: =-3-1 -> -4 | F9: =-4-1 -> -5 | G9: =F9-1 -> -6
A10: A. ESTABLISHMENT
A11: Pay and Allowances | D11: =ROUND(C11*$A$9/12,2) -> 0 | F11: =+D11-E11 -> 0
A12: Overtime | D12: =ROUND(C12*$A$9/12,2) -> 0 | F12: =+D12-E12 -> 0
A13: Bonus/ex-gratia/PRP | D13: =ROUND(C13*$A$9/12,2) -> 0 | F13: =+D13-E13 -> 0
A14: Welfare : Medical | D14: =ROUND(C14*$A$9/12,2) -> 0 | F14: =+D14-E14 -> 0
A15: : Others | D15: =ROUND(C15*$A$9/12,2) -> 0 | F15: =+D15-E15 -> 0
A16: Gratuity | D16: =ROUND(C16*$A$9/12,2) -> 0 | F16: =+D16-E16 -> 0
A17: Pension | D17: =ROUND(C17*$A$9/12,2) -> 0 | F17: =+D17-E17 -> 0
A18: Overtime to staff | D18: =ROUND(C18*$A$9/12,2) -> 0 | F18: =+D18-E18 -> 0
A19: TOTAL | B19: =SUM(B11:B18) -> 0 | C19: =SUM(C11:C18) -> 0 | D19: =SUM(D11:D18) -> 0 | E19: =SUM(E11:E18) -> 0 | F19: =SUM(F11:F18) -> 0
A20: B. ADMINISTRATION
A21: Rent | D21: =ROUND(C21*$A$9/12,2) -> 0 | F21: =+D21-E21 -> 0
A22: Rates Taxes, Electricity& water charges | D22: =ROUND(C22*$A$9/12,2) -> 0 | F22: =+D22-E22 -> 0
A23: Printing & Stationery | D23: =ROUND(C23*$A$9/12,2) -> 0 | F23: =+D23-E23 -> 0
A24: Postage,Telegram&Telex | D24: =ROUND(C24*$A$9/12,2) -> 0 | F24: =+D24-E24 -> 0
A25: Telephones | D25: =ROUND(C25*$A$9/12,2) -> 0 | F25: =+D25-E25 -> 0
A26: Books and Periodicals | D26: =ROUND(C26*$A$9/12,2) -> 0 | F26: =+D26-E26 -> 0
A27: Repairs and Maintenance | D27: =ROUND(C27*$A$9/12,2) -> 0 | F27: =+D27-E27 -> 0
A28: Travelling : Inland | D28: =ROUND(C28*$A$9/12,2) -> 0 | F28: =+D28-E28 -> 0
A29: : Foreign | D29: =ROUND(C29*$A$9/12,2) -> 0 | F29: =+D29-E29 -> 0
A30: Housing Colony Expenses | D30: =ROUND(C30*$A$9/12,2) -> 0 | F30: =+D30-E30 -> 0
A31: Service vehicle expenses | D31: =ROUND(C31*$A$9/12,2) -> 0 | F31: =+D31-E31 -> 0
A32: Insurance | D32: =ROUND(C32*$A$9/12,2) -> 0 | F32: =+D32-E32 -> 0
... A37: Maintenance of office building | D37: =ROUND(C37*$A$9/12,2) -> 0 | F37: =+D37-E37 -> 0
A38: Misc. Expenses:
A39: -Other Misc Exps. | D39: =ROUND(C39*$A$9/12,2) -> 0 | F39: =+D39-E39 -> 0
A40: - Hindi Exps | D40: =ROUND(C40*$A$9/12,2) -> 0 | F40: =+D40-E40 -> 0
A41: - OPEX to Managers | D41: =ROUND(C41*$A$9/12,2) -> 0 | F41: =+D41-E41 -> 0
D42: =ROUND(C42*$A$9/12,2) -> 0 | F42: =+D42-E42 -> 0
A43: TOTAL | B43: =SUM(B21:B42) -> 0 | C43: =SUM(C21:C42) -> 0 | D43: =SUM(D21:D42) -> 0 | E43: =SUM(E21:E42) -> 0 | F43: =SUM(F21:F42) -> 0
A44: C. TRADE
A45: Legal &Professional Expenses | D45: =ROUND(C45*$A$9/12,2) -> 0 | F45: =+D45-E45 -> 0
A46: Advertising & Publicity | D46: =ROUND(C46*$A$9/12,2) -> 0 | F46: =+D46-E46 -> 0
A47: Exhibitions and Fairs | D47: =ROUND(C47*$A$9/12,2) -> 0 | F47: =+D47-E47 -> 0
A48: Difference in Exchange | D48: =ROUND(C48*$A$9/12,2) -> 0 | F48: =+D48-E48 -> 0
A49: Bank Charges | D49: =ROUND(C49*$A$9/12,2) -> 0 | F49: =+D49-E49 -> 0
A50: Entt & Hospitality | D50: =ROUND(C50*$A$9/12,2) -> 0 | F50: =+D50-E50 -> 0
A51: Corporate Social Responsibility & Sustainable developments | D51: =ROUND(C51*$A$9/12,2) -> 0 | F51: =+D51-E51 -> 0
A52: Research & Development | D52: =ROUND(C52*$A$9/12,2) -> 0 | F52: =+D52-E52 -> 0
A53: Other Trade Expenses | D53: =ROUND(C53*$A$9/12,2) -> 0 | F53: =+D53-E53 -> 0
A54: TOTAL | B54: =SUM(B45:B53) -> 0 | C54: =SUM(C45:C53) -> 0 | D54: =SUM(D45:D53) -> 0 | E54: =SUM(E45:E53) -> 0 | F54: =SUM(F45:F53) -> 0
A55: GRAND TOTAL (A+B+C) | B55: =SUM(B19+B43+B54) -> 0 | C55: =SUM(C19+C43+C54) -> 0 | D55: =SUM(D19+D43+D54) -> 0 | E55: =SUM(E19+E43+E54) -> 0 | F55: =SUM(F19+F43+F54) -> 0
A56: Less : Rent related expenses | D56: =ROUND(C56*A$9/12,2) -> 0 | F56: =+D56-E56 -> 0
A57: Net Overheads | B57: =+B55-B56 -> 0 | C57: =+C55-C56 -> 0 | D57: =+D55-D56 -> 0 | E57: =+E55-E56 -> 0 | F57: =+F55-F56 -> 0
A60: Head of Finance | C60: Branch Manager | G60: Internal Auditor

Sheet Disclosure 36-40
A1: ='[66]Disclosure 36'!A1 -> STC of India Limited
A2: Notes to Accounts for the year ended March 31, 2019
A3: ='PL Notes'!A3 -> Name of the Branch/Division (Co):
A5: 36 | B5: Derivative Financial Instrutments
B6: Particulars | E6: For the year ended March 31, 2019 | G6: For the year ended March 31, 2018
B7: Assets: | E7: NIL | G7: NIL
B11: Liabilities:
B15: Bifurcation above derivative instrutments in current and non-current
A17: =A5+1 -> 37 | B17: Foreign Currency Exposure
B18: Particulars | C18: For the year ended March 31, 2019 | F18: For the year ended March 31, 2018
C19: Foreign Currency Denomination | D19: Amount in Foreign Currency | E19: Amount in indian Rupees | F19: Foreign Currency Denomination | G19: Amount in Foreign Currency | H19: Amount in indian Rupees
B20: A. Receivable : | C20: NIL
B23: SubTotal (A)
B24: B. Payable :
B27: SubTotal (B)
A29: =A17+1 -> 38 | B29: Trade Payables
B30: The Company has amounts due to suppliers under The Micro, Small and Medium Enterprises Development Act, 2006, (MSMED Act) as under :
H31: (Amount Rs.)
B32: Particulars | G32: 2018-19 | H32: 2017-18
B33: Principal amount due to suppliers under MSMED Act, 2006 | G33: NIL
B34: Interest accrued and due to suppliers under MSMED Act on the above amount, unpaid
B35: Payment made to suppliers (other than interest) beyond the appointed day, during year
B36: Interest paid to suppliers under MSMED Act (other than Section 16)
B37: Interest paid to suppliers under MSMED Act (Section 16)
B38: Interest accrued and remaining unpaid at the end of each of the year to suppliers under MSMED Act
B39: Note :The information has been given in respect of such vendors to the extent they could be identified as micro, small and Medium enterprises on the basis of information available with the Company.
A41: =A29+1 -> 39 | B41: Disclosure in respect of Indian Accounting Standard (Ind AS)-37 "Provisions, Contingent Liabilities and Contingent Assets"
A43: (i) | B43: Provisions | G43: (Amount Rs.)
B44: Particulars | C44: Opening balance as on 01.04.18 | D44: Additions/ Transfers during the year | E44: Utilization during the year | F44: Adjustment during the year | G44: Written-back during the year | H44: Closing balance as on 31.03.19
B45: Contingencies | C45: NIL
B49: Total
B51: Particulars | C51: Opening balance as on 01.04.17 | D51: Additions/ Transfers during the year | E51: Utilization during the year | F51: Adjustment during the year | G51: Written-back during the year | H51: Closing balance as on 31.03.18
B52: Contingencies | C52: NIL
B56: Total
A58: (ii) | B58: Contingent Liabilities: | H58: (Amount Rs.)
B59: Particulars | G59: 31.03.2019 | H59: 31.03.2018
B60: a. Claims against the company not acknowledged as debt
B61: (i) Court & Arbitration cases with parties *
B62: (ii). Sales Tax
B63: (iii) Service Tax
B64: (iv) Income tax | G64: 68625324 | H64: 25768305
B65: (v). Custom duty
B66: (vi). Goods & Service Tax
B67: (vii). Others
B68: b. Other money for which the company is contingently liable
B69: Sub Total | G69: =SUM(G61:G68) -> 68625324 | H69: =SUM(H61:H68) -> 25768305
B70: c. Guarantees excluding Financial Guarantee
B71: Total | G71: =G69+G70 -> 68625324 | H71: =H69+H70 -> 25768305
A73: (iii) | B73: Contingent Assets:
B74: If it is probable that there will be inflow of the economic benefits, disclosure shall be made for contingent asset stating the brief description of the nature of the contingent asset. If possible, estimated financial effect shall also be disclosed.
H75: (Amount Rs.)
B76: Particulars | G76: 31.03.2019 | H76: 31.03.2018
B77: Claims | G77: NIL
B78: Counter Claims
B79: Bills Receivable
B80: Advances
B81: Trade Receivables
B82: Excess Interest Charged by Banks (Normal & Penal)
B83: Others, details required
B84: Total
A86: =A41+1 -> 40 | B86: Commitments | H86: (Amount Rs.)
B87: Particulars | G87: =G76 -> 31.03.2019 | H87: =H76 -> 31.03.2018
B88: Capital Commitments :(Details to be provided hereunder) | G88: NIL
B89: PPE
B90: Intangible Assets
B92: Total
B93: Other Commitments : (Details to be provided hereunder)
B97: Total

Sheet Disclosure 41
A1: ='Disclosure 36-40'!A1 -> STC of India Limited
A2: ='Disclosure 36-40'!A3 -> Name of the Branch/Division (Co):
A3: ='Disclosure 36-40'!A2 -> Notes to Accounts for the year ended March 31, 2019
A5: ='Disclosure 36-40'!A86+1 -> 41 | B5: Disclosures in respect of Ind AS 107 - Financial Instruments
A7: =+A5+0.1 -> 41.1 | B7: Financial Instruments by Categories
B8: The carrying value and fair value of financial instruments by categories were as follows:
B9: (a) As on March 31, 2019 | H9: (Amount Rs.)
B10: Particulars | D10: Amortized cost | E10: Financial assets/ liabilities at FVTPL | F10: Financial assets/liabilities at fair value through OCI | G10: Total carrying value | H10: Total fair value
B11: Financial Assets:
B12: Investments in Equity Instruments (Ref Note No. 8) | D12: =BSheet!$C$13+BSheet!$C$24 -> 0 | G12: =D12 -> 0 | H12: =G12 -> 0
B13: Cash & Cash Equivalents (Ref Note No. 16) | D13: =BSheet!$C$26 -> 0 | G13: =D13 -> 0 | H13: =G13 -> 0
B14: Bank Balances other than cash & cash equivalents (Ref Note No. 17) | D14: =BSheet!$C$27 -> 0 | G14: =D14 -> 0 | H14: =G14 -> 0
B15: Trade Receivable (Ref Note No. 9) | D15: =BSheet!$C$14+BSheet!$C$25 -> 0 | G15: =D15 -> 0 | H15: =G15 -> 0
B16: Employee Loans (Ref Note No. 10) | D16: =BSheet!$C$15+BSheet!$C$28 -> 0 | G16: =D16 -> 0 | H16: =G16 -> 0
B17: Security Deposits(Ref Note No. 10) | D17: 0 | G17: =D17 -> 0 | H17: =G17 -> 0
B18: Other Financial Assets (Ref Note No. 11) | D18: =BSheet!$C$16+BSheet!$C$29 -> 0 | G18: =D18 -> 0 | H18: =G18 -> 0
B19: Total | D19: =SUM(D12:D18) -> 0 | E19: =SUM(E12:E18) -> 0 | F19: =SUM(F12:F18) -> 0 | G19: =SUM(G12:G18) -> 0 | H19: =SUM(H12:H18) -> 0
B20: Finacial Liabilities:
B21: Trade Payable (Ref Note No. 21) | D21: =BSheet!$C$45+BSheet!$C$56 -> 0 | G21: =D21 -> 0 | H21: =G21 -> 0
B22: Borrowings (Ref Note No. 20 & 22) | D22: =BSheet!$C$43+BSheet!$C$54 -> 0 | G22: =D22 -> 0 | H22: =G22 -> 0
B23: Other Financial Liabilities (Ref Note No. 22) | D23: =BSheet!$C$57+BSheet!$C$46 -> 0 | G23: =D23 -> 0 | H23: =G23 -> 0
B24: Total | D24: =SUM(D21:D23) -> 0 | E24: =SUM(E21:E23) -> 0 | F24: =SUM(F21:F23) -> 0 | G24: =SUM(G21:G23) -> 0 | H24: =SUM(H21:H23) -> 0
B26: (b) As on March 31, 2018 | H26: (Amount Rs.)
B27: Particulars | D27: Amortized cost | E27: Financial assets/ liabilities at FVTPL | F27: Financial assets/liabilities at fair value through OCI | G27: Total carrying value | H27: Total fair value
B28: Financial Assets:
B29: Investments in Equity Instruments (Ref Note No. 8) | D29: =BSheet!$D$13+BSheet!$D$24 -> 0 | G29: =D29 -> 0 | H29: =G29 -> 0
B30: Cash & Cash Equivalents (Ref Note No. 16) | D30: =BSheet!$D$26 -> 0 | G30: =D30 -> 0 | H30: =G30 -> 0
B31: Bank Balances other than cash & cash equivalents (Ref Note No. 17) | D31: =BSheet!$D$27 -> 0 | G31: =D31 -> 0 | H31: =G31 -> 0
B32: Trade Receivable (Ref Note No. 9) | D32: =BSheet!$D$14+BSheet!$D$25 -> 0 | G32: =D32 -> 0 | H32: =G32 -> 0
B33: Employee Loans (Ref Note No. 10) | D33: =BSheet!$D$15+BSheet!$D$28 -> 0 | G33: =D33 -> 0 | H33: =G33 -> 0
B34: Security Deposits(Ref Note No. 10) | D34: 0 | G34: =D34 -> 0 | H34: =G34 -> 0
B35: Other Financial Assets (Ref Note No. 11) | D35: =BSheet!$D$16+BSheet!$D$29 -> 0 | G35: =D35 -> 0 | H35: =G35 -> 0
B36: Total | D36: =SUM(D29:D35) -> 0 | E36: =SUM(E29:E35) -> 0 | F36: =SUM(F29:F35) -> 0 | G36: =SUM(G29:G35) -> 0 | H36: =SUM(H29:H35) -> 0
B37: Finacial Liabilities:
B38: Trade Payable (Ref Note No. 21) | D38: =BSheet!$C$45+BSheet!$C$56 -> 0 | G38: =D38 -> 0 | H38: =G38 -> 0
B39: Borrowings (Ref Note No. 20 & 22) | D39: =BSheet!$C$43+BSheet!$C$54 -> 0 | G39: =D39 -> 0 | H39: =G39 -> 0
B40: Other Financial Liabilities (Ref Note No. 22) | D40: =BSheet!$C$57+BSheet!$C$46 -> 0 | G40: =D40 -> 0 | H40: =G40 -> 0
B41: Total | D41: =SUM(D38:D40) -> 0 | E41: =SUM(E38:E40) -> 0 | F41: =SUM(F38:F40) -> 0 | G41: =SUM(G38:G40) -> 0 | H41: =SUM(H38:H40) -> 0
B43: The carrying amounts of trade receivables, cash and cash equivalents, borrowings (short term credit), trade payables are considered to be the same as their fair values, due to their short-term nature.
A45: =A7+0.1 -> 41.2 | B45: Fair Value Hierarchy
B46: a) Level 1 - Level 1 hierarchy includes financial instruments measured using quoted prices (unadjusted) in active markets.
B47: b) Level 2 - Level 2 hierarchy includes financial instruments measured using inputs other than quoted prices included within Level 1 that are observable for the asset or liability, either directly (i.e. as prices) or indirectly (i.e. derived from prices).
B48: c) Level 3 - Level 3 hierarchy includes financial instruments measured using inputs that are not based on observable market data (unobservable inputs).
B50: The following table present fair value hierarchy of assets and liabilities measured at fair value :
B51: (a) As on March 31, 2019 | F51: (Amount Rs.)
B52: Particulars | C52: Level 1 | D52: Level 2 | E52: Level 3 | F52: Total | G52: Valuation Technique and key inputs | H52: Significant unobservable inputs
B53: Financial Assets | C53: NIL
B54: Financial Investments at FVTPL
B55: Investment in Equity Instruments
B56: Investment in Equity Instruments
B57: Others (specify nature)
B58: Financial Investments at FVTOCI
B59: Investment in unquoted Equity Instruments
B60: Investment in unquoted Equity Instruments
B61: Others (specify nature)
B62: Derivatives designated as hedges
B63: Foreign exchange forward contracts
B64: Others (specify nature)
B65: Total
... B71: Total
B73: (a) As on March 31, 2018 | F73: (Amount Rs.)
B74: Particulars | C74: Level 1 | D74: Level 2 | E74: Level 3 | F74: Total | G74: Valuation Technique and key inputs | H74: Significant unobservable inputs
B75: Financial Assets | C75: NIL
B76: Financial Investments at FVTPL
B77: Investment in Equity Instruments
B78: Investment in Equity Instruments
B79: Others (specify nature)
B80: Financial Investments at FVTOCI
B81: Investment in unquoted Equity Instruments
B82: Investment in unquoted Equity Instruments
B83: Others (specify nature)
B84: Derivatives designated as hedges
B85: Foreign exchange forward contracts
B86: Others (specify nature)
B87: Total
... B95: Assets and liabilities which are measured at amortized cost for which fair values are disclosed
B96: (a) As on March 31, 2019 | F96: (Amount Rs.)
B97: Particulars | C97: Level 1 | D97: Level 2 | E97: Level 3 | F97: Total | G97: Valuation Technique and key inputs | H97: Significant unobservable inputs
B98: Financial Assets
B99: Loans to employees | E99: 0 | F99: =E99 -> 0
B100: Security deposits | E100: 0 | F100: =E100 -> 0
B101: Others | E101: 0 | F101: =E101 -> 0
B102: Total Financial Assets | E102: =SUM(E99:E101) -> 0 | F102: =SUM(F99:F101) -> 0
B104: Financial Liabilities
B105: Borrowings | E105: 0 | F105: =E105 -> 0
B106: Others | E106: 0 | F106: =E106 -> 0
B107: Total Financial Liabilities | E107: =SUM(E105:E106) -> 0 | F107: =SUM(F105:F106) -> 0
B109: (a) As on March 31, 2018 | F109: (Amount Rs.)
B110: Particulars | C110: Level 1 | D110: Level 2 | E110: Level 3 | F110: Total | G110: Valuation Technique and key inputs | H110: Significant unobservable inputs
B111: Financial Assets
B112: Loans to employees | E112: 0 | F112: =E112 -> 0
B113: Security deposits | E113: 0 | F113: =E113 -> 0
B114: Others | E114: 0 | F114: =E114 -> 0
B115: Total Financial Assets | E115: =SUM(E112:E114) -> 0 | F115: =SUM(F112:F114) -> 0
B117: Financial Liabilities
B118: Borrowings | E118: 0 | F118: =E118 -> 0
B119: Others | E119: 0 | F119: =E119 -> 0
B120: Total Financial Liabilities | E120: =SUM(E118:E119) -> 0 | F120: =SUM(F118:F119) -> 0
A122: =A45+0.1 -> 41.3 | B122: Fair value of financial assets and financial liabilities measured at amortized cost
B123: Particulars | E123: 43555 | G123: 43190
...

Sheet Disclosure 42-45
A1: =[66]Scrap!A1 -> STC of India Limited
A2: =[66]Scrap!A2 -> Branch/Division :
A3: =[66]Scrap!A3 -> Notes to Accounts for the year ended March 31, 2019
A5: ='Disclosure 41'!A5+1 -> 42 | B5: Disclosure in respect of Indian Accounting Standard (Ind AS)-21 "The Effects of changes in Foreign Exchange Rates"
B6: The amount of exchange differences (net) debited/credited to the Statement of Profit & Loss Rs._____. (P.Y. Rs._____.)
A8: =A5+1 -> 43 | B8: Disclosure in respect of Indian Accounting Standard (Ind AS)-23 "Borrowing Costs"
B9: The amount capitalized with Property, Plant & Equipments as borrowing cost is Rs. ____ . & Rs. ____ . for the year ended March 31, 2019 & March 31, 2018 respectively.
A11: =A8+1 -> 44 | B11: Disclosure in respect of Indian Accounting Standard (Ind AS)-36 "Impairment of assets"
B12: During the year, the company assessed the impairment loss of Rs. ______ (P.Y. Rs._____.) on assets. Refer Note 32.
A14: =A11+1 -> 45 | B14: Disclosure in respect of Indian Accounting standard (Ind AS)-108: "Operating Segments"
A15: Operating Segments
A16: 1) | B16: Export
A17: 2) | B17: Import
A18: 3) | B18: Domestic
A20: Identification of Segments
A21: The Chief Operating Decision Maker monitors the operating results of its Business Segments separately for the purpose of making decisions about resource allocation and performance assessment. Segment performance is evaluated based on profit or loss and is measured consistently with profit or loss in the financial statements. Operating segments have been identified on the basis of the nature of products/services and have been identified as per the quantitative criteria specified in the Ind AS.
A23: Segment revenue and results
A24: The expenses and incomes which are not directly attributable to any business segment are shown as unallocable expenditure (net of unallocated income).
A26: Segment assets and liability
A27: Segment assets include all operating assets used by the operating segments and mainly consists of PPE, trade receivables, cash & cash equivalents and inventories. Segment liability primarily includes trade payables and other liabilities. Common assets and liabilities which can not be allocated to any of the segments are shown as a part of unallocable assets and liabilities.
A29: Intersegment Transfers
A30: Intersegment prices are normally negotiated among segments with reference to the cost, market price and business risk. Profit or loss on intersegment transfers are eliminated at the company level.
A32: Segment Revenues and Results
A33: (a) for the year ended March 31, 2019 | H33: (Amount Rs.)
A34: S. No. | B34: Particulars | D34: Export | E34: Import | F34: Domestic | G34: Unallocated | H34: Total
A35: 1 | B35: Segment Revenue
A36: 1(a) | B36: External Sales | D36: ='PL Notes'!C14+'PL Notes'!C17 -> 0 | E36: ='PL Notes'!C15+'PL Notes'!C18 -> 0 | F36: 0 | G36: 0 | H36: =SUM(D36:G36) -> 0
A37: 1(b) | B37: Inter segment revenue
B38: Segment Revenue (1(a) +1 (b)) | D38: =SUM(D36:D37) -> 0 | E38: =SUM(E36:E37) -> 0 | F38: =SUM(F36:F37) -> 0 | G38: =SUM(G36:G37) -> 0 | H38: =SUM(H36:H37) -> 0
A39: 2 | B39: Segments Results
A40: 3 (a) | B40: Unallocated Corporate expenses net of unallocated income | G40: ='P&L'!D14+'P&L'!D16+'P&L'!D17-'PL Notes'!C62-'PL Notes'!C77-'PL Notes'!C83 -> 0 | H40: =SUM(D40:G40) -> 0
A41: 3 (b) | B41: Interest Expense | G41: ='P&L'!D15 -> 0 | H41: =SUM(D41:G41) -> 0
A42: 3 (c) | B42: Interest Income | G42: ='PL Notes'!C57 -> 0 | H42: =SUM(D42:G42) -> 0
B43: Total [3(a)+3(b)+3(c )] | D43: =D40+D41-D42 -> 0 | E43: =E40+E41-E42 -> 0 | F43: =F40+F41-F42 -> 0 | G43: =G40+G41-G42 -> 0 | H43: =H40+H41-H42 -> 0
A44: 4 | B44: Profit before tax from ordinary activities [(2)- 3(a ),(b) & (c )] | D44: =D39-D43 -> 0 | E44: =E39-E43 -> 0 | F44: =F39-F43 -> 0 | G44: =G39-G43 -> 0 | H44: =H39-H43 -> 0
A45: 5 | B45: Exceptional Items | G45: =+'P&L'!D20 -> 0 | H45: =SUM(D45:G45) -> 0
A46: 6 | B46: Income taxes | G46: =SUM('P&L'!D23:D25) -> 0 | H46: =SUM(D46:G46) -> 0
A47: 7 | B47: Net Profit after tax (4)- (5) -(6) | D47: =D44-D45-D46 -> 0 | E47: =E44-E45-E46 -> 0 | F47: =F44-F45-F46 -> 0 | G47: =G44-G45-G46 -> 0 | H47: =H44-H45-H46 -> 0
A48: 8 | B48: Interest in results of JV's
A49: 9 | B49: Other Information :
A50: 9 (a) | B50: Segment Assets | G50: =BSheet!C34 -> 0 | H50: =SUM(D50:G50) -> 0
A51: 9 (b) | B51: Segment Liabilities | G51: =BSheet!C51+BSheet!C61-'BS Notes'!D638 -> 0 | H51: =SUM(D51:G51) -> 0 | I51: =G50-G51 -> 0
A52: 9 (c) | B52: Capital Expenditure | G52: 0 | H52: =SUM(D52:G52) -> 0 | I52: =BSheet!C39+'BS Notes'!D638 -> 0
A53: 9 (d) | B53: Depreciation | G53: 0 | H53: =SUM(D53:G53) -> 0 | I53: =I51-I52 -> 0
A54: 9 (e) | B54: Non-Cash expenses other than depreciation | G54: 0 | H54: =SUM(D54:G54) -> 0
A56: (b) for the year ended March 31, 2018 | H56: (Amount Rs.)
A57: S. No. | B57: Particulars | D57: Export | E57: Import | F57: Domestic | G57: Unallocated | H57: Total
A58: 1 | B58: Segment Revenue
A59: 1(a) | B59: External Sales | D59: -1162603 | E59: -519819392 | G59: 0 | H59: =SUM(D59:G59) -> -520981995
A60: 1(b) | B60: Inter segment revenue | H60: =SUM(D60:G60) -> 0
B61: Segment Revenue [1(a) +1 (b)] | D61: =SUM(D59:D60) -> -1162603 | E61: =SUM(E59:E60) -> -519819392 | F61: =SUM(F59:F60) -> 0 | G61: =SUM(G59:G60) -> 0 | H61: =SUM(H59:H60) -> -520981995
A62: 2 | B62: Segments Results
A63: 3 (a) | B63: Unallocated Corporate expenses net of unallocated income | G63: ='P&L'!E14+'P&L'!E16+'P&L'!E17-'PL Notes'!D62-'PL Notes'!D77-'PL Notes'!D83 -> 0 | H63: =SUM(D63:G63) -> 0
A64: 3 (b) | B64: Interest Expense | G64: ='P&L'!E15 -> 0 | H64: =SUM(D64:G64) -> 0
A65: 3 (c) | B65: Interest Income | G65: ='PL Notes'!D57 -> 0 | H65: =SUM(D65:G65) -> 0
B66: Total [3(a)+3(b)+3(c )] | D66: =D63+D64-D65 -> 0 | E66: =E63+E64-E65 -> 0 | F66: =F63+F64-F65 -> 0 | G66: =G63+G64-G65 -> 0 | H66: =H63+H64-H65 -> 0
A67: 4 | B67: Profit before tax from ordinary activities [(2)- 3(a ),(b) & (c )] | D67: =D62-D66 -> 0 | E67: =E62-E66 -> 0 | F67: =F62-F66 -> 0 | G67: =G62-G66 -> 0 | H67: =H62-H66 -> 0
A68: 5 | B68: Exceptional Items | G68: ='P&L'!E20 -> 0 | H68: =SUM(D68:G68) -> 0
A69: 6 | B69: Income taxes | G69: =SUM('P&L'!E23:E25) -> 0 | H69: =SUM(D69:G69) -> 0
A70: 7 | B70: Net Profit after tax [(4)- (5) -(6)] | D70: =D67-D68-D69 -> 0 | E70: =E67-E68-E69 -> 0 | F70: =F67-F68-F69 -> 0 | G70: =G67-G68-G69 -> 0 | H70: =H67-H68-H69 -> 0
A71: 8 | B71: Interest in results of JV's
A72: 9 | B72: Other Information :
A73: 9 (a) | B73: Segment Assets | G73: =BSheet!D34 -> 0 | H73: =SUM(D73:G73) -> 0 | I73: =G73-G74 -> 0
A74: 9 (b) | B74: Segment Liabilities | G74: =BSheet!D51+BSheet!D61-'BS Notes'!E638 -> 0 | H74: =SUM(D74:G74) -> 0 | I74: =BSheet!D39+'BS Notes'!E638 -> 0
A75: 9 (c) | B75: Capital Expenditure | G75: 0 | H75: =SUM(D75:G75) -> 0 | I75: =I73-I74 -> 0
A76: 9 (d) | B76: Depreciation | G76: 0 | H76: =SUM(D76:G76) -> 0
A77: 9 (e) | B77: Non-Cash expenses other than depreciation | G77: 0 | H77: =SUM(D77:G77) -> 0
A79: (ii) | B79: Information about major customers
A80: If revenues from transactions with a single external customer amount to 10 per cent or more of an entity’s revenues, the entity shall disclose that fact, the total amount of revenues from each such customer, and the identity of the segment or segments reporting the revenues. The same can be provided in the following format.
B81: For the year ended March 31, 2019 | H81: (Amount Rs.)
B82: Major Customer (customer having more than 10% revenue) | C82: Export | E82: Import | G82: Domestic
C83: Year ended March 31, 2019 | D83: Year ended March 31, 2018 | E83: Year ended March 31, 2019 | F83: Year ended March 31, 2018 | G83: Year ended March 31, 2019 | H83: Year ended March 31, 2018
B84: Total Revenue
B85: Name of Major Customer : | C85: NIL
B86: 1
B87: 2
B88: 3
B89: % of Total Revenue

Sheet Disclosure 46
A1: NOTE NO. 46 :
A2: Disclosure as per IND AS 19 Employee Benefits
A4: (i) | B4: Defined Contribution plans:
B5: A. Pension
B6: Company has defined contribution pension plan for its existing employees in pursuance to the guidelines issued by the Department of Public Enterprises. In this regard STC Employees Defined Contribution Superannuation Pension Trust has been formed. Under the scheme the employer's contribution is 9% of basic pay VDA of eligible employees and the funds of the trust are managed by LIC. An employee leaves the company before completion of 15 years only employee avail the benefit of this scheme. In case the employee leaves the company before completion of 15 years only employee contribution along with interest is payable to him. However, this condition does not apply to the employees who join other CPSE having the same Pension Scheme. (Refer Note 30 for expense on this account).
A8: (i) Defined benefit plans:
B9: A. Provident fund
B10: Company pays fixed contribution to Provident Fund at pre determined rates to a separate trust, which invests the funds in permitted securities. The contribution to the fund for the year is recognised as expenses and is charged to the Statement of Profit & Loss.(Refer Note 30 for expenses on this account) The obligation of the Company is to make such fixed contribution and to ensure a minimum rate of return to the members as specified by the Government.
B12: B. Gratuity
B13: The Company has a defined benefit gratuity plan. Every employee who has rendered continuous service of five years or more is entitled to get gratuity at 15 days salary (15/26 x last drawn basic salary plus dearness allowance) for each completed year of service subject to a maximum of Rs. 20 lakhs on superannuation, resignation, termination, disablement or death.
B15: Based on the actuarial valuation, the following table sets out the status of the gratuity and the amounts recognised in the Company’s financial statements as at balance sheet date:
H16: (Amount in Rs.)
B17: Net defined benefit (asset)/liability : | E17: 31.03.2019 | G17: 31.03.2018
B18: Current
B19: Non-Current
B20: Total PBO at the End of year | E20: =+E18+E19 -> 0 | G20: =+G18+G19 -> 0
B22: Movement in net defined benefit (asset)/liability
H23: (Amount in Rs.)
A24: S.No. | B24: Particulars | C24: Defined Benefit Obligation | E24: Fair value of plan assets | G24: Net defined benefit (asset) liability
C25: 31.03.19 | D25: 31.03.18 | E25: 31.03.19 | F25: 31.03.18 | G25: 31.03.19 | H25: 31.03.18
A26: A | B26: Opening balance
A27: B | B27: Included in profit or loss:
A28: (i) | B28: Current service cost
A29: (ii) | B29: Past service cost
A30: (iii) | B30: Interest cost (income)
B31: Total amount recognised in profit or loss (i+ii+iii) | C31: =SUM(C28:C30) -> 0 | D31: =SUM(D28:D30) -> 0 | E31: =SUM(E28:E30) -> 0 | F31: =SUM(F28:F30) -> 0 | G31: =SUM(G28:G30) -> 0 | H31: =SUM(H28:H30) -> 0
A32: C | B32: Included in OCI:
B33: Remeasurement loss (gain):
B34: Actuarial loss (gain) arising from :
A35: (i) | B35: Financial assumptions
A36: (ii) | B36: Experience adjustment
A37: (iii) | B37: Return on plan assets excluding interest income
B38: Total amount recognised in other comprehensive income (i+ii+iii) | C38: =SUM(C35:C37) -> 0 | D38: =SUM(D35:D37) -> 0 | E38: =SUM(E35:E37) -> 0 | F38: =SUM(F35:F37) -> 0 | G38: =SUM(G35:G37) -> 0 | H38: =SUM(H35:H37) -> 0
A39: D | B39: Other
A40: E | B40: Contribution Paid to the Fund
A41: F | B41: Benefits paid
A42: G | B42: Closing balance (A+B+C+D+E+F) | C42: =+C26+C31+C38+C41 -> 0 | D42: =+D26+D31+D38+D41+D39 -> 0 | E42: =+E26-E30-E37+E41 -> 0 | F42: =+F26-F30-F37+F41+F40 -> 0 | G42: =+G26+G31+G38-G41+G39 -> 0 | H42: =+H26+H31+H38-H41+H39+H40 -> 0
B44: The Fair Value of Plan Assets at the end of the reporting period is as follows:-
H45: (Amount in Rs.)
A46: S.No. | B46: Particulars | E46: As at 31.03.2019 | G46: As at 31.03.2018
A47: (A) | B47: Balance with Bank
B48: SBI
B49: Yes Bank
B50: IDBI
B51: Total (A) | E51: =SUM(E48:E50) -> 0 | G51: =SUM(G48:G50) -> 0
A52: (B) | B52: Group Gratuity Traditional Fund Scheme
B53: Bajaj Allianz
B54: SBI Life
B55: HDFC Standard Life Insurance
B56: Total (B) | E56: =SUM(E53:E55) -> 0 | G56: =SUM(G53:G55) -> 0
B57: Grand Total (A+B) | E57: =+E56+E51 -> 0 | G57: =+G56+G51 -> 0
A59: C. Post-Retirement Medical Benefit Scheme (PRMB)
B60: The company has Post-Retirement Medical Facility (PRMF), under which retired employee and his/her spouse are eligible for medical facilities in the empanelled hospitals. They can also avail treatment as Out-Patient subject to a ceiling fixed by the Company. Post-retirement medical benefits are recognised in the books as per the actuarial valuation.
B61: As per Actuarial Valuation company's best estimates for FY 2018-2019 towards the Post Retirement Medical facility is Rs._____. (Rs._____. for 2017-2018) for on roll and retired employees.
B63: Based on the actuarial valuation , the following table sets out the status of the PRMB and the amounts recognised in the Company’s financial statements as at balance sheet date:
H64: (Amount in Rs.)
B65: Net defined benefit (asset)/liability : | E65: 31.03.2019 | G65: 31.03.2018
B66: Current
B67: Non-Current
B68: Total PBO at the End of year | E68: =+E66+E67 -> 0 | G68: =+G66+G67 -> 0
B70: Movement in net defined benefit (asset)/liability | H70: (Amount in Rs.)
A71: S.No. | B71: Particulars | C71: Defined Benefit Obligation | E71: Fair value of plan assets | G71: Net defined benefit (asset) liability
C72: 31.03.19 | D72: 31.03.18 | E72: 31.03.19 | F72: 31.03.18 | G72: 31.03.19 | H72: 31.03.18
A73: A | B73: Opening balance
A74: B | B74: Included in profit or loss:
A75: (i) | B75: Current service cost
A76: (ii) | B76: Past service cost
A77: (iii) | B77: Interest cost (income)
B78: Total amount recognised in profit or loss | C78: =SUM(C75:C77) -> 0 | D78: =SUM(D75:D77) -> 0 | G78: =+C78-E78 -> 0 | H78: =+D78-F78 -> 0
A79: C | B79: Included in OCI:
B80: Remeasurement loss (gain):
B81: Actuarial loss (gain) arising from :
A82: (i) | B82: Financial assumptions
A83: (ii) | B83: Experience adjustment
A84: (iii) | B84: Return on plan assets excluding interest income
B85: Total amount recognised in other comprehensive income | C85: =SUM(C82:C84) -> 0 | D85: =SUM(D82:D84) -> 0 | E85: 0 | F85: 0 | G85: =+C85-E85 -> 0 | H85: =+D85-F85 -> 0
A86: D | B86: Other
A87: E | B87: Benefits paid
A88: F | B88: Closing balance (A+B+C+D+E) | C88: =+C73+C78+C85+C87 -> 0 | D88: =+D73+D78+D85+D87 -> 0 | E88: 0 | F88: 0 | G88: =+G73+G78+G85+G87 -> 0 | H88: =+H73+H78+H85+H87 -> 0
A90: D. Leave
B91: The Company provides for Earned Leave (EL) and Half Pay Leave (HPL) benefit to the employees of the Company which acRsue annually at 30 days and 20 days respectively. The maximum ceiling for encashment of leave at time of superannuation/cessation from service other than on disciplinary ground shall be limited to 300 days (EL & HPL combined). 50% of EL subject to a maximum 150 days is en-cashable on resignation. EL is en-cashable while in service leaving a minimum balance of 15 days twice in a year.
B92: As per Actuarial Valuation company's best estimates for FY 2018-2019 towards the earned leave is Rs._____. (Rs._____ for 2017-18) and half pay leave is Rs._____. (Rs._____ for 2017-18)
B94: Earned Leave | H94: (Amount in Rs.)
B95: Net defined benefit (asset)/liability : | E95: 31.03.2018 | G95: 31.03.2017
B96: Current | E96: =ROUND([67]Sheet1!C109/10000000,2) -> 2.27 | G96: =ROUND([67]Sheet1!D109/10000000,2) -> 2.31
B97: Non-current | E97: =ROUND([67]Sheet1!C110/10000000,2) -> 11.58 | G97: =ROUND([67]Sheet1!D110/10000000,2) -> 10.74
B98: Total PBO at the End of year | E98: =SUM(E96:E97) -> 13.85 | G98: =SUM(G96:G97) -> 13.05
B100: Movement in net defined benefit (asset)/liability | H100: (Amount in Rs.)
A101: S.NO. | B101: Particulars | C101: Defined Benefit Obligation | E101: Fair value of plan assets | G101: Net defined benefit (asset) liability
C102: 31.03.19 | D102: 31.03.18 | E102: 31.03.19 | F102: 31.03.18 | G102: 31.03.19 | H102: 31.03.18
A103: A | B103: Opening balance
A104: B | B104: Included in profit or loss:
A105: (i) | B105: Current service cost
A106: (ii) | B106: Past service cost
A107: (iii) | B107: Interest cost (income)
A108: C | B108: Remeasurement loss (gain):
B109: Actuarial loss (gain) arising from :
A110: (i) | B110: Financial assumptions
A111: (ii) | B111: Experience adjustment
A112: (iii) | B112: Return on plan assets excluding interest income
...

Sheet Disclosure 47-49
A1: ='Disclosure 42-45'!A1 -> STC of India Limited
A2: ='Disclosure 42-45'!A2 -> Branch/Division :
A3: ='Disclosure 42-45'!A3 -> Notes to Accounts for the year ended March 31, 2019
A5: 47. Disclosure in respect of Indian Accounting Standard 24 "Related Parties Disclosures"
A6: a. List of Related Party
A7: Name of related party | G7: Type of Relationship | I7: Remarks
A8: A. Subsidiaries
A10: B. Joint Ventures
A12: C. Associates
A14: D. Key Managerial Personnel (KMP)
A17: E. Post employment Benefit Trusts
A19: F. Entities under the control of the same Government
A22: b) Transactions with the related parties are as follows:
A24: Subsidiaries and Joint Venture Companies | G24: Subsidiaries | I24: Joint Venture Companies
A25: Particulars | G25: 2018-19 | H25: 2017-18 | I25: 2018-19 | J25: 2017-18
A26: Rent Received (Rs.)
A27: Others
A29: Compensation to Key Management Personnel | J29: (Amount Rs.)
A30: Particulars | G30: For the year ended March 31, 2019 | I30: For the year ended March 31, 2018
A31: Short-term Employee benefits
A32: Post-employment benefits
A33: Termination benefits
A34: Other long-term benefits
A35: Share-based payments
A36: Total
A38: E. Post employment Benefit Trusts
A39: Particulars | E39: The STC of India Ltd. Employees Provident Fund Trust | G39: STC Employee Defined Contribution Superannuation Pension Trust | I39: The STC Gratuity Fund Trust
E40: 2018-19 | F40: 2017-18 | G40: 2018-19 | H40: 2017-18 | I40: 2018-19 | J40: 2017-18
A41: STC Contribution for the year
A42: Outstanding Balance at the end of the Year with STC
A44: Transactions with the Related Parties under the control of the same Government | J44: (Amount Rs.)
A45: S. No. | B45: Name of the Govt. Deptt. / Govt. entity | F45: Nature of relationship with Entity | H45: Nature of Transaction | I45: 2017-18 | J45: 2016-17
A51: c) Outstanding balances with related parties are as follows: | J51: (Amount Rs.)
A52: Particulars | G52: 43555 | I52: 43190
A53: Amount recoverable towards loans :
A54: - From Subsidiaries
A55: - From Joint Ventures
A56: - From Key Managerial personnel
A57: - From Others
A58: Amount recoverable other than loans :
A59: - From Subsidiaries
A60: - From Joint Ventures
A61: - From Key Managerial personnel
A62: - From Post employment benefit plans
A63: Amount Payable
A64: - From Subsidiaries
... A69: d) Individually Significant Transactions :
A70: Particulars | F70: Nature of realtionship | G70: 43555 | I70: 43190
A75: e. Loans to and from related parties | J75: (Amount Rs.)
A76: Particulars | E76: Name of Related Party | G76: Name of Related Party | I76: Name of Related Party
E77: 2018-19 | F77: 2017-18 | G77: 2018-19 | H77: 2017-18 | I77: 2018-19 | J77: 2017-18
A78: Loans at beginning of the year
A79: Loan advanced
A80: Repayment received
A81: Interest charged
A82: Interest received
A83: Balance at end of the year including interest
A85: f. Loans to and from Key Management Personnel | J85: (Amount Rs.)
A86: Particulars | E86: Name of Related Party | G86: Name of Related Party | I86: Name of Related Party
E87: =E77 -> 2018-19 | F87: =F77 -> 2017-18 | G87: =G77 -> 2018-19 | H87: =H77 -> 2017-18 | I87: =I77 -> 2018-19 | J87: =J77 -> 2017-18
A88: Loans at beginning of the year
A89: Loan advanced
A90: Repayment received
A91: Interest charged
A92: Interest received
A93: Balance at end of the year including interest
A95: g. Loans Conditions need to be specified
A96: h. Commitments to Related Parties need to be given
A98: 48. DISCLOSURE AS PER IND AS 27 ‘SEPARATE FINANCIAL STATEMENTS’
A99: a) Investment in Subsidiaries:
A100: Company Name | E100: Country of Incorporation | G100: Proportion of Ownership
G101: 31st March 2019 | I101: 31st March 2018
A102: STCL Limited | E102: India
A104: b) Investment in Joint Venture Entities/Associates:
A105: Company Name | D105: Status of the Company (Active, Dormant, Defunct as per ROC ) | E105: Whether JV/Associates | F105: Country of Incorporation | G105: Proportion of Ownership
G106: 31st March 2019 | I106: 31st March 2018
A107: NSS Satupura Development Company Limited
A108: Richfield
A109: Aquatech Ltd.
A110: Blue Gold Maritech Ltd.
A111: National Tannery Company Ltd.
A112: Indopirin Gloves Limited.
A113: Note : Copy of the status as on 31.03.2019 as per Registrar of co's records is to be attached.
A115: 49 | B115: Disclosure in respect of Indian Accounting standard (Ind AS) 17 "Leases"
A116: =+A115+0.1 -> 49.1 | B116: Operating lease
A118: a) | B118: As lessee
B119: Future minimum lease payments under non-cancellable operating leases are as follows: | J119: (Amount Rs.)
B120: Particulars | G120: For the year ended March 31, 2019 | I120: For the year ended March 31, 2018
B121: Payable in less than 1 year
B122: Payable between 1 year and 5 years
B123: Payable after more than 5 years
B125: Payments recognised as an expense in Statement of Profit & Loss
B126: Particulars | G126: For the year ended March 31, 2019 | I126: For the year ended March 31, 2018
B127: Payable in less than 1 year
B128: Payable between 1 year and 5 years
B129: Payable after more than 5 years
B131: Brief of the Property :
A134: b) | B134: As lessor
B135: Future minimum lease payments under non-cancellable operating leases are receivable as follows: | J135: (Amount Rs.)
B136: Particulars | G136: For the year ended March 31, 2019 | I136: For the year ended March 31, 2018
...

Sheet Disclosure 50-52
A1: ='Disclosure 47-49'!A1 -> STC of India Limited
A2: ='Disclosure 47-49'!A2 -> Branch/Division :
A3: ='Disclosure 47-49'!A3 -> Notes to Accounts for the year ended March 31, 2019
A5: ='Disclosure 47-49'!A115+1 -> 50 | B5: Disclosure in respect of Indian Accounting Standard (Ind AS)-33 "Earnings Per Share(EPS)"
A6: a) | B6: Basic EPS
B7: The earnings and weighted average number of ordinary shares used in the calculation of basic EPS is as follows:
E8: (Amount in Rs.)
B9: Particulars | D9: For the year ended March 31, 2019 | E9: For the year ended March 31, 2018
B10: Face Value Per Equity Share (Rs.)
B11: Profit (loss) for the year, attributable to the owners of the company (A)
B12: Weighted average number of ordinary shares for the purpose of basic earnings per share(B)
B13: Basic EPS (A/B)
A15: b) | B15: Diluted EPS
B16: The earnings and weighted average number of ordinary shares used in the calculation of Diluted EPS is as follows:
E17: (Amount in Rs.)
B18: Particulars | D18: =D9 -> For the year ended March 31, 2019 | E18: =E9 -> For the year ended March 31, 2018
B19: Profit (loss) for the year, attributable to the owners of the company (A)
B20: Weighted average number of ordinary shares for the purpose of basic earnings per share(B)
B21: Diluted EPS (A/B)
A23: =A5+1 -> 51 | B23: Dividends
B24: Particulars | D24: =D18 -> For the year ended March 31, 2019 | E24: =E18 -> For the year ended March 31, 2018
B25: (i) No. of Equity Shares
B26: (ii) Dividends not recognised at the end of reporting period.
A28: =A23+1 -> 52 | B28: Assets Pledged as Security
B29: Particulars | D29: =D24 -> For the year ended March 31, 2019 | E29: =E24 -> For the year ended March 31, 2018
B30: Current/Non-current
B31: Financial/Non-Financial Assets
B32: First Charge/Floating Charge

Sheet Trading AC -CR
A2: THE STATE TRADING CORPORATION OF INDIA LTD.
A3: TRADING ACCOUNT FOR THE YEAR 2018-19
A4: Credit
A5: BRANCH……………….. DIVISION ……………………. ITEM …………..
A6: Govt. account/ Non -Govt account Group of item…………….
A7: Branch code Division code Export/Import/Domestic Unit of measurement
B9: CREDIT PARTICULARS | C9: SIGN | D9: QUANTITY | E9: VALUE (Rs.)
A11: A | B11: Sale of Products
B12: (+)/(-) Exchange fluctuation on business associate account
B13: Net sales
B15: Total (A)
A17: B | B17: Other Operating revenue
A18: 1 | B18: Exchange Fluctuation (Gain):
B19: - On Business Associate's Account
B20: Export-(Receivables)
B21: Import-(Payables)
B22: - On STC's Account
B23: Export-(Receivables)
B24: Import-(Payables)
A25: =A18+1 -> 2 | B25: Discount on Forward Contract
A26: =A25+1 -> 3 | B26: Reimbursement of Export Losses
A27: =A26+1 -> 4 | B27: Reimbursement of Import Losses
A28: =A27+1 -> 5 | B28: Reimbursement of Domestic Losses
A29: =A28+1 -> 6 | B29: Claims:
B30: From Govt. of India
B31: From state Govt.
B32: From Insurance agencies
B33: From Govt. departments
B34: From S I S
B35: From business associates
B36: Other claims
A37: =A29+1 -> 7 | B37: Despatch money earned
A38: =A37+1 -> 8 | B38: Reimbursement of Customs Duty
A39: =+A38+1 -> 9 | B39: Premium on Exim Scrips/Import Licence
A40: =A39+1 -> 10 | B40: Other Trade Income:
B41: Cash Assistance /subsidy
B42: Freight subsidy
A43: =A40+1 -> 11 | B43: Inter Branch Stock Despatches
A44: =A43+1 -> 12 | B44: Processing Loss (Qty. only)
A45: =A44+1 -> 13 | B45: Other Shortages (Qty.only)
A46: 14 | B46: Others, Specify
B49: Total (B)
B51: Revenue from Operations (A+B)
A53: C | B53: INVENTORIES
A55: 1 | B55: Stock In Trade
A56: 2 | B56: Goods-in-Transit (Import)
A57: 3 | B57: Goods-in-Transit (Others)
B58: Total (C)
B60: Grand Total
A64: AM(F)/DM(F)/M-F/CM(F)/DGM-F | C64: Branch Manager | E64: Branch Auditor/
E65: Statutory Auditor
A66: Note: 1. If quantity or value is negative indicate minus sign.
B67: 2. Revenue from operations should match with note no. 25 in consolidated Trading Account
B68: 3. Foreign exchange loss/gain on Import transactions on account of business associates will be shown
B69: below Sales.

Sheet Trading AC -DR
A2: THE STATE TRADING CORPORATION OF INDIA LTD.
A3: TRADING ACCOUNT FOR THE YEAR 2018-19
A4: Debit
A5: BRANCH……………….. DIVISION ……………………. ITEM …………..
A6: Govt. account/ Non -Govt account Group of item…………….
A7: Branch code Division code Export/Import/Domestic Unit of measurement
B9: DEBIT PARTICULARS | C9: SIGN | D9: QUANTITY | E9: VALUE (Rs.)
A11: A | B11: Opening Stock (including Goods-in-Transit)
A13: B | B13: Purchase of stock in trade
A14: 1 | B14: Purchase
B15: (+)/(-) Exchange fluctuation on business associate account
B16: Net purchases
A17: 2 | B17: Inter Branch Stock Receipt
A18: =A17+1 -> 3 | B18: Freight -Road
B19: -Rail
B20: -Marine
A21: =A18+1 -> 4 | B21: Freight Reimbursement
A22: =A21+1 -> 5 | B22: Excise Duty
A23: =A22+1 -> 6 | B23: Market Cess
A24: =A23+1 -> 7 | B24: Exchange fluctuation (loss):
B25: - On Business Associate's Account
B26: Export-(Receivables)
B27: Import-(Payables)
B28: - On STC's Account
B29: Export-(Receivables)
B30: Import-(Payables)
A31: 8 | B31: Premium on forward contract
A32: =A31+1 -> 9 | B32: Insurance - General
B33: - Marine
B34: - Self insurance
A35: 10 | B35: Customs Duty
A36: 11 | B36: Clearing, Handling, Survey fee, port & Other Charges
A37: 12 | B37: Demurrage
A38: 13 | B38: Processing Charges
A39: 14 | B39: Premium/Commission on Exim Scrip
A40: 15 | B40: Turnover Tax
A41: 16 | B41: Sales Tax/ Surcharge on Sales Tax/VAT
A42: 17 | B42: Goods & Service Tax (GST)
A43: 18 | B43: Octroi/Purchase Tax Reimbursement
B46: Total (B)
A48: C | B48: Cost of Material Consumed
A49: 1 | B49: Store/Packing Material consumed
B51: Total (C)
A53: D | B53: Other Operating Expenses
A54: 1 | B54: L/C Negotiation & Bank Charges
A55: =A54+1 -> 2 | B55: Godown, Plot, Tank Rent
A56: 3 | B56: Claims Paid
A57: 4 | B57: Commission on Sales
A58: 5 | B58: Surplus payable to Govt.
A59: 6 | B59: Delivery charges
A60: 7 | B60: Cost of Tender (includes advertisement)
A61: 8 | B61: Others
B62: Total (D)
B64: Excess Receipts (Qty. only)
B65: Gross Profit (if Loss show minus)
A67: GRAND TOTAL
A71: AM(F)/DM(F)/M-F/CM(F)/DGM-F | C71: Branch Manager | E71: Branch Auditor/
E72: Statutory Auditor
A73: Note: 1. If quantity or value is negative indicate minus sign.
B74: 2. Purchases, Material consumed, Inventories & other expenses should match with note no. 27 to 29 & 33 (a) in consolidated Trading Account.
B75: 3. Foreign exchange loss/gain on export transactions on account of business associates will be shown below purchases.

Sheet Operating Lease
A1: THE STATE TRADING CORPORATION OF INDIA LTD.
A2: Name of the Branch/Accounting units _______________
A3: (Annexure -X)
A4: Details of Operating Lease
A5: A. Operating Lease given by STC | F5: (Amount Rs.)
A6: Sl. No. | B6: Address of the Property | C6: Lease Period | D6: Lease Amount Monthly | E6: Premium/Deposit received by STC | F6: Remarks
A17: B. Operating Lease taken by STC
A18: Sl. No. | B18: Address of the Property | C18: Lease Period | D18: Lease Amount Monthly | E18: Premium/Deposit paid by STC | F18: Remarks
B32: Head of Finance (Branch/C.O.) | D32: Branch Manager | F32: Internal Auditor

Sheet A1 Trade Receivables
A1: THE STATE TRADING CORPORATION OF INDIA LTD.
A2: Details of Trade Receivables as on 30.09.2019
A3: "A1"
A4: Branch/Division | Z4: (Rs. in Lacs)
A5: S.No | B5: Name of the party | C5: Commodity | D5: Amount outstanding as per books of account as on last day of Sep 2019 | H5: Ageing of outstanding as per books of account as on last day of Sep 2019 as reported in A | M5: Amount Overdue as on last day of reporting month Sep 2019 out of A | Q5: Corresponding Credit available | R5: Provisions | S5: Financial year since overdue | T5: Recovery made since becoming overdue | U5: Status of the case (Disputed/ Litigation/ Undisputed) | V5: Amount in Dispute/ Litigation | W5: Amount not accounted for in Books but shown as contingent assets | AA5: Total Amount Recoverable
D6: Principal (1) | E6: interest (2) | F6: other (3) | G6: Gross A=(1+2+3) | H6: Upto 6 Months | I6: > 6 months < 1 years | J6: > 1 year < 2 years | K6: > 2year < 3 years | L6: Above 3 Years | M6: Principal (4) | N6: interest (5) | O6: other (6) | P6: Gross B=(4+5+6) | W6: Principal (7) | X6: Interest (8) | Y6: Other (9) | Z6: Total C=(7+8+9) | AA6: (A+C)
A7: A | B7: Central Govt./State Govt.
B10: Sub Total
A12: B | B12: PSU (Central/State)
B14: Sub Total
A16: C | B16: Private
B18: Sub Total
B20: GRAND Total
B22: Head of Finance (Branch/C.O.) | F22: Branch Manager

Sheet A2 Loans & Advances
A1: THE STATE TRADING CORPORATION OF INDIA LTD.
A2: Details of Loans & Advances as on 30.09.2019
A3: "A2"
A4: Branch/Division | Z4: (Rs. in Lacs)
A5: S.No | B5: Name of the party | C5: Commodity | D5: Amount outstanding as per books of account as on last day of Sep 2019 | H5: Ageing of outstanding as per books of account as on last day of Sep 2019 as reported in A | M5: Amount Overdue as on last day of reporting month Sep 2019 out of A | Q5: Corresponding Credit available | R5: Provisions | S5: Financial year since overdue | T5: Recovery made since becoming overdue | U5: Status of the case (Disputed/ Litigation/ Undisputed) | V5: Amount in Dispute/ Litigation | W5: Amount not accounted for in Books but shown as contingent assets | AA5: Total Amount Recoverable
D6: Principal (1) | E6: interest (2) | F6: other (3) | G6: Gross A=(1+2+3) | H6: Upto 6 Months | I6: > 6 months < 1 years | J6: > 1 year < 2 years | K6: > 2year < 3 years | L6: Above 3 Years | M6: Principal (4) | N6: interest (5) | O6: other (6) | P6: Gross B=(4+5+6) | W6: Principal (7) | X6: Interest (8) | Y6: Other (9) | Z6: Total C=(7+8+9) | AA6: (A+C)
A7: A | B7: Central Govt./State Govt.
B10: Sub Total
A12: B | B12: PSU (Central/State)
B14: Sub Total
A16: C | B16: Private
B18: Sub Total
B20: GRAND Total
B22: Head of Finance (Branch/C.O.) | F22: Branch Manager

Sheet A3 claims Recoverable
A1: THE STATE TRADING CORPORATION OF INDIA LTD.
A2: Details of Claims Recoverable as on 30.09.2019
A3: "A3"
A4: Branch/Division | Z4: (Rs. in Lacs)
A5: S.No | B5: Name of the party | C5: Commodity | D5: Amount outstanding as per books of account as on last day of Sep 2019 | H5: Ageing of outstanding as per books of account as on last day of Sep 2019 as reported in A | M5: Amount Overdue as on last day of reporting month Sep 2019 out of A | Q5: Corresponding Credit available | R5: Provisions | S5: Financial year since overdue | T5: Recovery made since becoming overdue | U5: Status of the case (Disputed/ Litigation/ Undisputed) | V5: Amount in Dispute/ Litigation | W5: Amount not accounted for in Books but shown as contingent assets | AA5: Total Amount Recoverable
D6: Principal (1) | E6: interest (2) | F6: other (3) | G6: Gross A=(1+2+3) | H6: Upto 6 Months | I6: > 6 months < 1 years | J6: > 1 year < 2 years | K6: > 2year < 3 years | L6: Above 3 Years | M6: Principal (4) | N6: interest (5) | O6: other (6) | P6: Gross B=(4+5+6) | W6: Principal (7) | X6: Interest (8) | Y6: Other (9) | Z6: Total C=(7+8+9) | AA6: (A+C)
A7: A | B7: Central Govt./State Govt.
B10: Sub Total
A12: B | B12: PSU (Central/State)
B14: Sub Total
A16: C | B16: Private
B18: Sub Total
B20: GRAND Total
B22: Head of Finance (Branch/C.O.) | F22: Branch Manager

Sheet A4 Deposits
A1: THE STATE TRADING CORPORATION OF INDIA LTD.
A2: Details of Deposits/ Security Deposits as on 30.09.2019
A3: "A1"
A4: Branch/Division | Z4: (Rs. in Lacs)
A5: S.No | B5: Name of the party | C5: Commodity | D5: Amount outstanding as per books of account as on last day of Sep 2019 | H5: Ageing of outstanding as per books of account as on last day of Sep 2019 as reported in A | M5: Amount Overdue as on last day of reporting month Sep 2019 out of A | Q5: Corresponding Credit available | R5: Provisions | S5: Financial year since overdue | T5: Recovery made since becoming overdue | U5: Status of the case (Disputed/ Litigation/ Undisputed) | V5: Amount in Dispute/ Litigation | W5: Amount not accounted for in Books but shown as contingent assets | AA5: Total Amount Recoverable
D6: Principal (1) | E6: interest (2) | F6: other (3) | G6: Gross A=(1+2+3) | H6: Upto 6 Months | I6: > 6 months < 1 years | J6: > 1 year < 2 years | K6: > 2year < 3 years | L6: Above 3 Years | M6: Principal (4) | N6: interest (5) | O6: other (6) | P6: Gross B=(4+5+6) | W6: Principal (7) | X6: Interest (8) | Y6: Other (9) | Z6: Total C=(7+8+9) | AA6: (A+C)
A7: A | B7: Central Govt./State Govt.
B10: Sub Total
A12: B | B12: PSU (Central/State)
B14: Sub Total
A16: C | B16: Private
B18: Sub Total
B20: GRAND Total
B22: Head of Finance (Branch/C.O.) | F22: Branch Manager

Sheet Annex-B1
L1: "B1"
A2: THE STATE TRADING CORPORATION OF INDIA LTD.
A3: STATEMENT OF TRADE PAYABLES AS ON Sep 2019
A4: Branch/Division
A5: S.No. | B5: PAYABLES | C5: Amount as on last day of reporting month | G5: Ageing | L5: Name of Party shown as Receivables against which Corresponding credit available
C6: Principal | D6: Interest | E6: Others | F6: Total | G6: Upto 6 Months | H6: > 6 months < 1 years | I6: > 1 year < 2 years | J6: > 2year < 3 years | K6: Above 3 Years
A7: A | B7: CENTRAL/STATE GOVT.
A12: B | B12: CENTRAL/STATE PSU
A18: C | B18: PRIVATE
B23: Grand Total
A25: Head of Finance (Branch/C.O.) | E25: Branch Manager

Sheet Annex-B2
L1: "B2"
B2: THE STATE TRADING CORPORATION OF INDIA LTD.
B3: STATEMENT OF OTHER PAYABLES AS ON Sep 2019
A4: Branch/Division
A5: S.No. | B5: PAYABLES | C5: Amount as on last day of reporting month | G5: Ageing | L5: Name of Party shown as Receivables against which Corresponding credit available
C6: Principal | D6: Interest | E6: Others | F6: Total | G6: Upto 6 Months | H6: > 6 months < 1 years | I6: > 1 year < 2 years | J6: > 2year < 3 years | K6: Above 3 Years
A7: A | B7: CENTRAL/STATE GOVT.
A12: B | B12: CENTRAL/STATE PSU
A17: C | B17: PRIVATE
B22: Grand Total
B25: Head of Finance (Branch/C.O.) | F25: Branch Manager

Sheet PL 2
A1: =BSheet!A1 -> THE STATE TRADING CORPORATION OF INDIA LTD
A2: =PPE!A2 -> Notes to accounts for the Period ended Sep 30, 2019
A4: 30 | B4: Cost of Materials consumed | E4: =BSheet!A4 -> (Amount Rs.)
B5: Particulars | C5: period Ended June 30, 2017 | D5: period Ended June 30, 2016 | E5: period Ended March 31, 2017
A6: Purchases | B6: Opening balance of material | C6: XXX | D6: XXX | E6: XXX
B7: Add: Purchases made during the period | C7: XXX | D7: XXX | E7: XXX
B8: Less: Closing balance of material | C8: XXX | D8: XXX | E8: XXX
B10: TOTAL | C10: =SUM(C6:C8) -> 0 | D10: =SUM(D6:D8) -> 0 | E10: =SUM(E6:E8) -> 0
A12: 31 | B12: Purchase of Stock-in-Trade
B13: Particulars | C13: period Ended June 30, 2017 | D13: period Ended June 30, 2016 | E13: period Ended March 31, 2017
B15: Export Purchase | C15: XXX | D15: XXX | E15: XXX
B16: Import Purchase | C16: XXX | D16: XXX | E16: XXX
B17: Domestic Purchase | C17: XXX | D17: XXX | E17: XXX
B18: Inter Branch Stock Receipt | C18: XXX | D18: XXX | E18: XXX
B19: Inter Commodity Transfer | C19: XXX | D19: XXX | E19: XXX
B20: Freight -Road | C20: XXX | D20: XXX | E20: XXX
B21: -Rail | C21: XXX | D21: XXX | E21: XXX
B22: -Marine | C22: XXX | D22: XXX | E22: XXX
B23: Freight Reimbursement | C23: XXX | D23: XXX | E23: XXX
B24: Exchange fluctuation -loss | C24: XXX | D24: XXX | E24: XXX
B25: Insurance - General | C25: XXX | D25: XXX | E25: XXX
... B31: Octroi/Purchase Tax Reimbursement | C31: XXX | D31: XXX | E31: XXX
B33: Total | C33: =SUM(C15:C31) -> 0 | D33: =SUM(D15:D31) -> 0 | E33: =SUM(E15:E31) -> 0
A35: 31 | B35: Changes in Inventory
B36: Particulars | C36: period Ended June 30, 2017 | D36: period Ended June 30, 2016 | E36: period Ended March 31, 2017
B37: A. Finished Goods
B38: At the beginning of period | C38: XXX | D38: XXX | E38: XXX
B39: Less : At the end of period | C39: XXX | D39: XXX | E39: XXX
B40: (A) | C40: 0 | D40: 0 | E40: 0
B42: B. Stock-In-Trade
B43: At the beginning of period | C43: XXX | D43: XXX | E43: XXX
B44: Less : At the end of period | C44: XXX | D44: XXX | E44: XXX
B45: (B) | C45: 0 | D45: 0 | E45: 0
A47: changes in inventory | B47: Changes in Inventory | C47: =C40+C45 -> 0 | D47: =D40+D45 -> 0 | E47: =E40+E45 -> 0
A49: 32 | B49: Employees' Benefit Expenses
B50: Particulars | C50: period Ended June 30, 2017 | D50: period Ended June 30, 2016 | E50: period Ended March 31, 2017
A51: Salary, Wages & Bonus | B51: (a) Remuneration to Staff & Managers
B52: Salaries and Allowances | C52: XXX | D52: XXX | E52: XXX
A53: Contribution to Provident & Other Funds | B53: Provident fund | C53: XXX | D53: XXX | E53: XXX
A54: Leave encashment expenses | B54: Employees pension scheme 95 (EPS 95) | C54: XXX | D54: XXX | E54: XXX
A55: Workmen & Staff Welfare Expenses | B55: Bonus | C55: XXX | D55: XXX | E55: XXX
B56: Performance Related Pay | C56: XXX | D56: XXX | E56: XXX
B57: Welfare Expenses:
B58: - Medical Expenses on regular employees | C58: XXX | D58: XXX | E58: XXX
B59: - Medical Expenses on retired employees | C59: XXX | D59: XXX | E59: XXX
B60: - Medical Expenses on Actuary Liability | C60: XXX | D60: XXX | E60: XXX
B61: - Long Service Award | C61: XXX | D61: XXX | E61: XXX
B62: - Others | C62: XXX | D62: XXX | E62: XXX
B63: Gratuity | C63: XXX | D63: XXX | E63: XXX
B64: Pension | C64: XXX | D64: XXX | E64: XXX
B65: Sub Total | C65: =SUM(C52:C64) -> 0 | D65: =SUM(D52:D64) -> 0 | E65: =SUM(E52:E64) -> 0
B67: (b) Remuneration to Directors
B68: Salaries and Allowances (including sitting fees) | C68: XXX | D68: XXX | E68: XXX
B69: Provident fund | C69: XXX | D69: XXX | E69: XXX
B70: Employees pension scheme 95 (EPS 95) | C70: XXX | D70: XXX | E70: XXX
B71: Welfare Expenses:
B72: - Medical Expenses on regular directors | C72: XXX | D72: XXX | E72: XXX
B73: - Medical Expenses on retired directors | C73: XXX | D73: XXX | E73: XXX
B74: Gratuity | C74: XXX | D74: XXX | E74: XXX
B75: Pension | C75: XXX | D75: XXX | E75: XXX
B76: Sub Total | C76: =SUM(C68:C75) -> 0 | D76: =SUM(D68:D75) -> 0 | E76: =SUM(E68:E75) -> 0
B78: TOTAL | C78: =C65+C76 -> 0 | D78: =D65+D76 -> 0 | E78: =E65+E76 -> 0
A80: 33 | B80: Finance Cost
B81: Particulars | C81: period Ended June 30, 2017 | D81: period Ended June 30, 2016 | E81: period Ended March 31, 2017
A82: Interest Expenses- finance cost | B82: Interest Expenses
A83: FX FORWARD BOOKING PREMIUM EXP | B83: - to Banks | C83: XXX | D83: XXX | E83: XXX
A84: Bank Charges | B84: - to Business associates | C84: XXX | D84: XXX | E84: XXX
A85: LOAN PROCESSING CHARGES | B85: Loan Processing Charges | C85: XXX | D85: XXX | E85: XXX
A86: LC OPENING CHARGES | B86: Others | C86: XXX | D86: XXX | E86: XXX
B88: TOTAL | C88: =SUM(C83:C86) -> 0 | D88: =SUM(D83:D86) -> 0 | E88: =SUM(E83:E86) -> 0
A90: 34 | B90: Depreciation And Amortization Expenses
B91: Particulars | C91: period Ended June 30, 2017 | D91: period Ended June 30, 2016 | E91: period Ended March 31, 2017
A92: Depreciation on tangible assets | B92: Depreciation on tangible Assets | C92: XXX | D92: XXX | E92: XXX
A93: Amortization of Intangible assets | B93: Amortisation on intangible Assets | C93: XXX | D93: XXX | E93: XXX
B95: TOTAL | C95: =SUM(C92:C94) -> 0 | D95: =SUM(D92:D94) -> 0 | E95: =SUM(E92:E94) -> 0
A97: 35 | B97: Other Expenses
B98: Particulars | C98: period Ended June 30, 2017 | D98: period Ended June 30, 2016 | E98: period Ended March 31, 2017
B99: (a) Other Operating Expenses
A100: Consumable Expenses | B100: L/C Negotiation & Bank Charges | C100: XXX | D100: XXX | E100: XXX
A101: Excise Duty Recovered | B101: Godown, Plot, Tank Rent | C101: XXX | D101: XXX | E101: XXX
A102: Lease Rent | B102: Claims Paid | C102: XXX | D102: XXX | E102: XXX
A103: Power & Fuel | B103: Commission on Sales | C103: XXX | D103: XXX | E103: XXX
A104: Vehicle Running Expenses | B104: Delivery charges | C104: XXX | D104: XXX | E104: XXX
B105: Cost of Tender | C105: XXX | D105: XXX | E105: XXX
A106: Repair & Maintenance - Plant & Machinery | B106: Others | C106: XXX | D106: XXX | E106: XXX
B107: Sub total | C107: =SUM(C100:C106) -> 0 | D107: =SUM(D100:D106) -> 0 | E107: =SUM(E100:E106) -> 0
A108: Repair & Maintenance Building | B108: (b) Administration expenses
A109: Repair & Maintenance Others | B109: Office Rent | C109: XXX | D109: XXX | E109: XXX
A110: Rates & Taxes | B110: Rates and Taxes: | C110: XXX | D110: XXX | E110: XXX
A111: Insurance Expenses | B111: - Property Tax to Municipal Corporation | C111: XXX | D111: XXX | E111: XXX
A112: Communication Costs | B112: - Wealth Tax | C112: XXX | D112: XXX | E112: XXX
A113: Printing & Stationery | B113: - Others | C113: XXX | D113: XXX | E113: XXX
A114: Travelling & Conveyance | B114: Electricity and Water Charges | C114: XXX | D114: XXX | E114: XXX
A115: Freight and forwarding charges | B115: Printing and Stationery | C115: XXX | D115: XXX | E115: XXX
B116: Postage, Telegram, Teleprinter & Telex | C116: XXX | D116: XXX | E116: XXX
B117: Telephones | C117: XXX | D117: XXX | E117: XXX
A118: Advertising and sales promotion | B118: Books and Periodicals | C118: XXX | D118: XXX | E118: XXX
A119: Legal & Professional Fees | B119: Repairs | C119: XXX | D119: XXX | E119: XXX
A120: Director Remuneration | B120: - Building | C120: XXX | D120: XXX | E120: XXX
A121: CSR expenditure | B121: - Plant and Machinery | C121: XXX | D121: XXX | E121: XXX
...
